 Dungeon Crawl Stone Soup version 0.26-a0-1213-gd52f5182fe (webtiles) character file.

Game seed: 17350300208089676163

1243653 Kaver the Conqueror (level 27, -18/199 HPs)
             Began as a Gargoyle Earth Elementalist on Dec 28, 2020.
             Was the Champion of Vehumet.
             Killed from afar by a monstrous blood saint (31 damage)
             ... with an iceblast
             ... on level 22 of a ziggurat on Dec 30, 2020.
             The game lasted 05:51:37 (90857 turns).

Kaver the Conqueror (Gargoyle Earth Elementalist)  Turns: 90857, Time: 05:51:37

Health: -18/199    AC: 50    Str: 17    XL:     27
Magic:  63/63      EV: 23    Int: 26    God:    Vehumet [******]
Gold:   13482      SH: 10    Dex: 10    Spells: 3/80 levels left

rFire    + + +     SeeInvis +   l - +9 demon whip (protect)
rCold    . . .     Faith    .   U - +3 warlock's mirror {reflect}
rNeg     + + .     Spirit   .   N - +2 robe {Archmagi}
rPois    ∞         Reflect  +   d - +0 mask of the Dragon {Will+ Slay+3 SInv}
rElec    +         Harm     .   D - +1 cloak of Starlight {*Dazzle EV+4 Stlth--}
rCorr    .         Rampage  .   m - +3 pair of gloves "Tehifoug" {+Blink rN+ Str+4 Stlth+}
Will     +++..                  b - +2 pair of boots {run}
Stlth    ++++++....             h - amulet of Zeypheatt {rElec rF+ Regen+}
HPRegen  0.83/turn              x - ring "Belaocun" {rF++ MP+9 Stlth+}
MPRegen  0.38/turn              i - ring of Robustness {AC+8}

@: death's door cooldown, flying, very slightly contaminated, studying Polearms,
quick
A: big wings, icy blue scales 1, iridescent scales 1, deformed body, mutation
resistance 2, negative energy resistance 1, electricity resistance, weak 1,
unbreathing, petrification resistance, miasma immunity, AC +20
}: 5/15 runes: decaying, serpentine, slimy, silver, abyssal
a: Stop Flying, Renounce Religion, Evoke Blink


You were on level 22 of a ziggurat.
You worshipped Vehumet.
Vehumet was exalted by your worship.
You visited 12 branches of the dungeon, and saw 58 of its levels.
You visited the Abyss 3 times.
You visited 3 ziggurats (completing 2), and saw 76 of their levels.
You also visited: Gauntlet, Ice Cave and Desolation.

You collected 18629 gold pieces.
You spent 5147 gold pieces at shops.

Inventory:

Hand Weapons
 l - a +9 demon whip of protection (weapon)
 q - a +9 sacred scourge of holy wrath
Armour
 b - a +2 pair of boots of running (worn)
 d - the +0 mask of the Dragon (worn) {Will+ Slay+3 SInv}
   (You found it on level 3 of the Realm of Zot)

   It affects your accuracy and damage with ranged weapons and melee attacks
   (+3).
   It affects your willpower, your defense against some magical effects.
   It lets you see invisible.
 m - the +3 pair of gloves "Tehifoug" (worn) {+Blink rN+ Str+4 Stlth+}
   (You took it off Nikola on level 1 of the Elven Halls)

   It affects your strength (+4).
   It protects you from negative energy.
   It lets you blink.
   It makes you more stealthy.
 u - a scarf of invisibility
 A - the cursed +0 pair of gloves of Zaxeih {MP+9 SInv}
   (You found it on level 17 of a ziggurat)

   It affects your magic capacity (+9).
   It lets you see invisible.
   It has a curse placed upon it.
 D - the +1 cloak of Starlight (worn) {*Dazzle EV+4 Stlth--}
   (You found it on level 20 of a ziggurat)

   It affects your evasion (+4).
   It makes you much less stealthy.
 N - a +2 robe of the Archmagi (worn)
 U - the +3 warlock's mirror (worn) {reflect}
   (You found it on level 16 of a ziggurat)
Jewellery
 h - the amulet of Zeypheatt (around neck) {rElec rF+ Regen+}
   (You found it on level 3 of the Crypt)

   [amulet of regeneration]

   It protects you from fire.
   It insulates you from electricity.
   It increases your rate of regeneration.
 i - the ring of Robustness (right hand) {AC+8}
   (You found it on level 9 of a ziggurat)

   [ring of protection]

   It affects your AC (+8).
 x - the ring "Belaocun" (left hand) {rF++ MP+9 Stlth+}
   (You took it off a yaktaur captain on level 5 of the Vaults)

   [ring of magical power]

   It greatly protects you from fire.
   It affects your magic capacity (+9).
   It makes you more stealthy.
 y - the ring of Ruqirph {Wiz *Corrode Will+ Int+8 Stlth-}
   (You found it on level 11 of a ziggurat)

   [ring of wizardry]

   It improves your spell success rate.
   It affects your intelligence (+8).
   It affects your willpower, your defense against some magical effects.
   It may corrode you when you take damage.
   It makes you less stealthy.
 C - the cursed ring of Truth {+Fly rF+++ rC- MP+9 Dex-4}
   (You found it on level 18 of a ziggurat)

   [ring of dexterity]

   It affects your dexterity (-4).
   It renders you almost immune to fire.
   It makes you vulnerable to cold.
   It affects your magic capacity (+9).
   It lets you fly.
   It has a curse placed upon it.
 E - the ring "Nifiamass" {+Blink MP+9 Str+2 Dex+3 Slay+4}
   (You took it off an orc wizard on level 5 of the Depths)

   [ring of slaying]

   It affects your strength (+2).
   It affects your dexterity (+3).
   It affects your accuracy and damage with ranged weapons and melee attacks
   (+4).
   It affects your magic capacity (+9).
   It lets you blink.
 S - the ring of Xom's Flight of Fancy {Int+6 Slay+2 SInv}
   (You found it on level 15 of a ziggurat)

   [ring of intelligence]

   It affects your intelligence (+6).
   It affects your accuracy and damage with ranged weapons and melee attacks
   (+2).
   It lets you see invisible.
Wands
 s - a wand of acid (53)
Scrolls
 a - 25 scrolls of magic mapping
 f - 25 scrolls of blinking
 k - 34 scrolls of remove curse
 o - 41 scrolls of identify
 t - 73 scrolls of teleportation
 w - 24 scrolls of amnesia
 z - 17 scrolls of holy word
 V - 44 scrolls of fog
Potions
 c - 8 potions of brilliance
 e - 2 potions of invisibility
 n - 30 potions of curing
 r - 22 potions of heal wounds
 v - 9 potions of ambrosia
 B - 3 potions of berserk rage
 H - 51 potions of mutation
 J - 5 potions of might
 L - 14 potions of cancellation
 T - 10 potions of magic
 Y - 9 potions of haste
Books
 g - a manual of Polearms
Miscellaneous
 I - a box of beasts
 M - a condenser vane
 W - a tin of tremorstones (2/2)
 X - a phantom mirror


   Skills:
 O Level 27 Fighting
 - Level 21.0 Maces & Flails
 + Level 23.7 Armour
 - Level 15.7 Dodging
 + Level 16.7 Stealth
 - Level 16.0 Shields
 O Level 27 Spellcasting
 O Level 27 Conjurations
 - Level 22.0 Necromancy
 - Level 10.0 Transmutations
 O Level 27 Fire Magic
 - Level 22.0 Ice Magic
 - Level 20.4 Air Magic
 - Level 22.0 Earth Magic
 O Level 27 Evocations


You had 3 spell levels left.
You knew the following spells:

 Your Spells              Type           Power        Failure   Level
a - Shatter               Erth           61%          2%          9
b - Stone Arrow           Conj/Erth      100%         0%          3
c - Lee's Rapid Deconstr  Erth           61%          0%          5
d - Lehudib's Crystal Sp  Conj/Erth      63%          1%          8
e - Absolute Zero         Ice            61%          2%          9
f - Fire Storm            Conj/Fire      66%          1%          9
g - Ignition              Fire           66%          1%          8
h - Death's Door          Necr           61%          10%         9
i - Necromutation         Tmut/Necr      54%          8%          8
j - Tornado               Air            59%          5%          9

Your spell library contained the following spells:

 Spells                   Type           Power        Failure   Level
 Chain Lightning          Conj/Air       63%          1%          8
 Animate Skeleton         Necr           100%         0%          1
 Beastly Appendage        Tmut           100%         0%          1
 Foxfire                  Conj/Fire      100%         0%          1
 Freeze                   Ice            100%         0%          1
 Magic Dart               Conj           100%         0%          1
 Pain                     Necr           100%         0%          1
 Sandblast                Erth           100%         0%          1
 Shock                    Conj/Air       100%         0%          1
 Corpse Rot               Necr/Air       N/A          0%          2
 Ensorcelled Hibernation  Hex/Ice        100%         0%          2
 Passwall                 Tmut/Erth      90%          0%          2
 Searing Ray              Conj           100%         0%          2
 Swiftness                Air            100%         0%          2
 Conjure Flame            Conj/Fire      100%         0%          3
 Dazzling Flash           Conj/Hex       100%         0%          3
 Frozen Ramparts          Ice            100%         0%          3
 Ignite Poison            Fire/Tmut/Pois 99%          0%          3
 Inner Flame              Hex/Fire       100%         0%          3
 Mephitic Cloud           Conj/Pois/Air  100%         0%          3
 Ozocubu's Armour         Ice            100%         0%          3
 Static Discharge         Conj/Air       100%         0%          3
 Vampiric Draining        Necr           61%          0%          3
 Apportation              Tloc           100%         1%          1
 Corona                   Hex            56%          1%          1
 Sting                    Tmut/Pois      100%         1%          1
 Summon Small Mammal      Summ           100%         1%          1
 Blink                    Tloc           N/A          1%          2
 Call Imp                 Summ           51%          1%          2
 Poisonous Vapours        Pois/Air       100%         1%          2
 Slow                     Hex            51%          1%          2
 Wereblood                Tmut           92%          1%          2
 Spider Form              Tmut/Pois      37%          1%          3
 Call Canine Familiar     Summ           51%          2%          3
 Confusing Touch          Hex            51%          2%          3
 Gell's Gravitas          Tloc           25%          2%          3
 Lesser Beckoning         Tloc           25%          2%          3
 Portal Projectile        Hex/Tloc       100%         2%          3
 Summon Guardian Golem    Hex/Summ       51%          2%          3
 Teleport Other           Tloc           51%          2%          3
 Tukima's Dance           Hex            51%          2%          3
 Airstrike                Air            59%          0%          4
 Animate Dead             Necr           61%          0%          4
 Dispel Undead            Necr           100%         0%          4
 Hailstorm                Conj/Ice       100%         0%          4
 Ice Form                 Ice/Tmut       100%         0%          4
 Petrify                  Tmut/Erth      100%         0%          4
 Sticky Flame             Conj/Fire      100%         0%          4
 Agony                    Necr           100%         0%          5
 Bolt of Magma            Conj/Fire/Erth 64%          0%          5
 Borgnjor's Vile Clutch   Necr/Erth      61%          0%          5
 Excruciating Wounds      Necr           61%          0%          5
 Fireball                 Conj/Fire      66%          0%          5
 Irradiate                Conj/Tmut      57%          0%          5
 Iskenderun's Battlesphe  Conj           100%         0%          5
 Lightning Bolt           Conj/Air       63%          0%          5
 Conjure Ball Lightning   Conj/Air       63%          0%          6
 Death Channel            Necr           61%          0%          6
 Freezing Cloud           Conj/Ice/Air   62%          0%          6
 Iron Shot                Conj/Erth      63%          0%          6
 Ozocubu's Refrigeration  Ice            61%          0%          6
 Simulacrum               Ice/Necr       61%          0%          6
 Starburst                Conj/Fire      66%          0%          6
 Orb of Destruction       Conj           66%          0%          7
 Fulminant Prism          Conj/Hex       51%          1%          4
 Iskenderun's Mystic Bla  Conj/Tloc      100%         1%          4
 Leda's Liquefaction      Hex/Erth       47%          1%          4
 Summon Ice Beast         Ice/Summ       95%          1%          4
 Summon Lightning Spire   Summ/Air       93%          1%          4
 Blade Hands              Tmut           46%          1%          5
 Metabolic Englaciation   Hex/Ice        47%          1%          5
 Silence                  Hex/Air        46%          1%          5
 Yara's Violent Unravell  Hex/Tmut       37%          1%          5
 Hydra Form               Tmut           46%          1%          6
 Spellforged Servitor     Conj/Summ      51%          1%          7
 Borgnjor's Revivificati  Necr           61%          1%          8
 Infestation              Necr           61%          1%          8
 Olgreb's Toxic Radiance  Pois           51%          2%          4
 Alistair's Intoxication  Tmut/Pois      50%          2%          5
 Cause Fear               Hex            25%          8%          4
 Passage of Golubria      Tloc           N/A          8%          4
 Haunt                    Necr/Summ      47%          8%          7
 Dragon Form              Tmut           46%          11%         7
 Eringya's Noxious Bog    Tmut/Pois      37%          16%         6
 Summon Demon             Summ           25%          22%         5
 Summon Forest            Summ/Tloc      25%          22%         5
 Summon Mana Viper        Hex/Summ       51%          22%         5
 Dispersal                Tloc           25%          77%         6
 Invisibility             Hex            51%          77%         6
 Shadow Creatures         Summ           N/A          77%         6
 Malign Gateway           Summ/Tloc      25%          100%        7
 Monstrous Menagerie      Summ           25%          100%        7
 Summon Greater Demon     Summ           25%          100%        7
 Summon Hydra             Summ           25%          100%        7
 Discord                  Hex            25%          100%        8
 Disjunction              Tloc           25%          100%        8
 Summon Horrible Things   Summ           25%          100%        8
 Dragon's Call            Summ           25%          100%        9
 Sublimation of Blood     Necr           Unusable     N/A         2
 Statue Form              Tmut/Erth      Unusable     N/A         6

Dungeon Overview and Level Annotations

Branches:
Dungeon (15/15)            Temple (1/1) D:7            Lair (6/6) D:9
  Swamp (4/4) Lair:2        Snake (4/4) Lair:2        Slime (5/5) Lair:5
    Orc (2/2) D:12            Elf (3/3) Orc:2        Vaults (5/5) D:14
  Crypt (3/3) Vaults:3       Tomb (0/3) Crypt:3      Depths (5/5) D:15
    Zot (5/5) Depths:5      IceCv (visited)         Desolation (visited)
Gauntlet (visited)

Altars:
Ashenzari
Cheibriados
Elyvilon
Fedhas
Gozag
Kikubaaqudgha
Makhleb
Okawaru
Qazlal
Sif Muna
Trog
Uskayaw
Vehumet
Wu Jian
Xom
Yredelemnul
Zin
The Shining One
Beogh
Jiyva

Shops:
D:6 (   D:8 (   Orc:2 ==[**   Snake:2 (?([   Snake:3 ==}   Snake:4 *:
Vaults:2 }   Vaults:3 (**=   Vaults:4 (   Zot:2 *   Depths:2 ?[*   Depths:5 (?

Portals:
Hell: Depths:1 Depths:2 Depths:3 Depths:4 Depths:5
Abyss: Depths:1 Depths:3 Depths:4
Pandemonium: Depths:1 Depths:3 Depths:4

Annotations:
Swamp:2 1 transporter
Depths:5 2 transporters


Innate Abilities, Weirdness & Mutations

You are resistant to torment.
Your stone body is resilient. (AC +20)
You are immune to poison.
Your large and strong wings let you fly indefinitely.
You resist negative energy. (rN+)
You are resistant to electric shocks. (rElec)
You can survive without breathing.
You are immune to petrification.
You are immune to miasma.
You are partially covered in icy blue scales. (AC +2)
You are partially covered in iridescent scales. (AC +2)
Armour fits poorly on your strangely shaped body.
You are somewhat resistant to both further mutation and mutation removal.
You are weak. (Str -2)


Message History

Vehumet accepts your kill.
You feel your power returning.
You kill the infernal black sun!
Vehumet accepts your kill.
The smoke demon is severely wounded.
The balrug is heavily wounded.
The Hell Sentinel is heavily wounded.
You kill the infernal corrupter!
Vehumet accepts your kill.
You kill the monstrous demonspawn!
Vehumet accepts your kill.
The monstrous corrupter is moderately wounded.
You kill the shadow demon!
Vehumet accepts your kill.
Your life is in your own hands again!
The balrug gestures at you. The bolt of fire misses you.
A lorocyproca comes into view.
A blizzard demon comes into view.
The monstrous blood saint conjures a destructive force in the name of Makhleb!
The mass of ice explodes!
The iceblast engulfs you!!
You die...

▓............
▓▓▓.............▓▓▓▓▓▓▓▓
...)....................
..).....................
.....)..................
2..))...................
...2))..................
..13..)@3...............
2)61)))...(.............
....6.).....(...........
.[.)))..................
........................
........[....)..........
........................
........................
▓▓.............▓▓▓▓▓▓▓▓


You could see a Hell Sentinel (strong, black mark), an Ice Fiend (strong, black
mark), a lorocyproca (invisible), a balrug (strong, black mark), a monstrous
corrupter (fast, black mark), a blizzard demon (black mark, resistant), a
monstrous blood saint (black mark) and 2 smoke demons.

Vanquished Creatures
  the Royal Jelly (Slime:5)
  13 orbs of fire
  13 juggernauts
  Mara (Depths:2)
  23 ancient liches
  The ghost of Kysem the Slayer, a master BaIE of Ashenzari (Zot:2)
  Sojobo (Depths:5)
  Boris (Crypt:2)
  10 royal mummies
  The ghost of Utoppaes the Warrior, a veteran GrFi of the Shining One (Crypt:2)
  30 Killer Klowns
  Bai Suzhen (Elf:3)
  Frederick (Depths:2)
  11 shard shrikes
  Margery (Crypt:2)
  the Lernaean hydra (Swamp:4)
  4 curse toes
  Saint Roka (Depths:5)
  A caustic shrike (shapeshifter) (Zig:12)
  Nikola (Elf:1)
  43 golden dragons
  14 caustic shrikes
  6 pearl dragons
  4 profane servitors
  Jory (Vaults:4)
  18 bone dragons
  6 Tzitzimimeh
  9 Brimstone Fiends
  A doom hound (Zig:9)
  The ghost of glosham the Trollish Ballista, an adept TrBr of Okawaru (Vaults:3)
  19 hellephants
  15 iron giants
  5 electric golems
  29 tentacled monstrosities
  25 Orb Guardians (Zot:5)
  23 liches
  16 Hell Sentinels
  20 titans
  19 Ice Fiends
  Jorgrun (D:14)
  15 quicksilver dragons
  Asterion (Depths:2)
  10 deep elf blademasters
  2 acid blobs (shapeshifter)
  9 tentacled starspawn
  A sphinx (shapeshifter) (Zig:7)
  12 deep elf master archers
  5 death cobs
  52 acid blobs
  21 sphinxes
  15 Executioners
  16 shadow dragons
  23 ancient champions
  21 pandemonium lords
  15 revenants
  55 nagarajas
  12 tengu reavers
  21 storm dragons
  A shadow dragon (shapeshifter) (Zig:10)
  7 daevas
  2 fenstrider witches (shapeshifter) (Zig:16)
  26 draconian monks
  26 fire giants
  An azure jelly (shapeshifter) (Zig:16)
  26 ghost moths
  31 frost giants
  14 azure jellies
  25 draconian knights
  A ghost moth (shapeshifter) (Depths:4)
  Louise (D:15)
  2 imperial myrmidons (Desolation)
  30 draconian scorchers
  12 deep elf sorcerers
  27 vault wardens
  25 draconian shifters
  5 iron dragons
  11 cacodemons
  15 warmongers
  10 caustic shrike zombies
  27 balrugs
  A frost giant (shapeshifter) (Zig:16)
  An emperor scorpion (shapeshifter) (Vaults:3)
  8 orc warlords
  21 emperor scorpions
  26 draconian stormcallers
  6 angels
  6 juggernaut zombies
  10 deep elf elementalists
  16 corrupters
  11 curse skulls
  A stone giant (shapeshifter) (Zig:10)
  8 ghouls
  8 blood saints
  A spriggan defender (Depths:5)
  23 reapers
  4 caustic shrike skeletons
  11 juggernaut skeletons
  11 war gargoyles
  28 draconian annihilators
  46 stone giants
  11 ophanim
  7 lorocyprocas
  31 very ugly things
  18 ironheart preservers
  6 bennus
  12 vampire knights
  17 green draconians
  4 halazid warlocks (Desolation)
  9 apis
  37 black draconians
  23 yellow draconians
  20 deep elf demonologists
  22 dire elephants
  10 bunyips
  25 deep elf annihilators
  23 red draconians
  15 black suns
  A minotaur (shapeshifter) (Zig:10)
  A minotaur (Gauntlet)
  27 white draconians
  2 spark wasps (shapeshifter)
  18 entropy weavers
  7 spark wasps
  26 purple draconians
  6 merfolk javelineers
  A bunyip (shapeshifter) (Vaults:5)
  18 blizzard demons
  31 ettins
  Snorg (Orc:1)
  7 statues (Depths:2)
  15 deep elf death magi
  4 merfolk impalers (Zig:13)
  10 eleionomae
  A crystal guardian (Zig:11)
  9 death oozes
  18 eidola
  20 jiangshi
  26 fire dragons
  9 ragged hierophants (Desolation)
  9 mummy priests
  30 green deaths
  Josephine (D:12)
  4 shambling mangroves
  23 deep elf high priests
  A quicksilver dragon zombie (Zig:18)
  18 great orbs of eyes
  30 yaktaur captains
  37 vault guards
  5 servants of whispers (Desolation)
  6 rakshasas
  25 naga warriors
  20 ogre magi
  9 hell beasts
  26 ice dragons
  A boulder beetle (shapeshifter) (Depths:2)
  92 hydras
  21 boulder beetles
  9 peacekeepers
  4 ghost crabs
  2 quicksilver dragon skeletons
  2 monstrous demonspawn
  22 alligators
  3 spriggan air magi
  23 anacondas
  A catoblepas (shapeshifter) (Zig:16)
  9 centaur warriors
  10 catoblepae
  6 tengu warriors
  8 death yaks
  10 merfolk aquamancers
  45 two-headed ogres
  48 dancing weapons
  An alligator snapping turtle (shapeshifter) (Zig:10)
  5 death scarabs
  A satyr (Zig:13)
  10 alligator snapping turtles
  5 titan zombies
  5 death knights
  11 hell hogs
  Urug (D:13)
  28 vampire magi
  18 thrashing horrors
  9 deep troll shamans
  7 spriggans
  3 spriggan berserkers (Depths:5)
  5 deep troll earth magi
  30 naga sharpshooters
  20 shock serpents
  8 orc high priests
  40 deep elf knights
  3 soul eaters
  4 sun demons
  11 fire crabs
  4 salamander mystics
  32 skeletal warriors
  12 shadow wraiths
  2 sea snakes
  22 wretched stars
  An iron troll (shapeshifter) (Zig:12)
  Sonja (Orc:2)
  A fire crab (shapeshifter) (Vaults:4)
  5 titan skeletons
  16 hell knights
  4 iron trolls
  4 sixfirhies
  7 spatial maelstroms
  A deep troll (shapeshifter) (Zig:16)
  4 storm dragon skeletons
  6 goliath frogs
  A ghost moth zombie (Crypt:1)
  20 flayed ghosts
  A sea snake (shapeshifter) (Zig:7)
  18 deep trolls
  5 obsidian statues
  18 bog bodies
  15 spriggan druids
  A swamp dragon (shapeshifter) (D:15)
  7 death drakes
  29 swamp dragons
  2 orange crystal statues
  9 tengu zombies
  9 glowing orange brains
  An infernal demonspawn (Depths:1)
  2 torturous demonspawn
  16 unseen horrors
  5 golden dragon zombies
  9 wizards
  5 cherubim
  Pikel (D:4)
  35 orc knights
  An anaconda zombie (Crypt:1)
  3 lindwurms (shapeshifter)
  29 ironbrand convokers
  14 shadow demons
  4 shadow dragon zombies
  A harpy (shapeshifter) (Zig:23)
  14 naga ritualists
  36 phantasmal warriors
  22 deep elf archers
  5 sphinx zombies
  7 iron dragon zombies
  16 necromancers
  6 shadow dragon skeletons
  2 golden dragon skeletons
  An orb spider (shapeshifter) (Depths:2)
  20 orb spiders
  5 harpies
  6 tengu skeletons
  28 wolf spiders
  15 mana vipers
  2 fire giant zombies
  21 orc sorcerers
  2 mana vipers (shapeshifter)
  3 fauns (Zig:13)
  12 shining eyes
  A frost giant zombie (Crypt:3)
  7 iron dragon skeletons
  A manticore (shapeshifter) (Zig:10)
  5 sphinx skeletons
  6 will-o-the-wisps
  A glowing shapeshifter (Zig:14)
  48 ugly things
  A stone giant zombie (Crypt:3)
  3 cyclopes (shapeshifter)
  108 deep elf magi
  A salamander (shapeshifter) (Zig:8)
  52 large abominations
  46 moths of wrath
  An elephant (shapeshifter) (Elf:1)
  15 salamanders
  12 cyclopes
  23 guardian serpents
  An oklob plant (D:4)
  5 manticores
  20 elephants
  A merfolk siren (Zig:13)
  3 frost giant skeletons
  3 worldbinders
  4 water nymphs
  A stone giant skeleton (Abyss:1)
  2 black mambas (shapeshifter)
  11 apocalypse crabs
  24 vault sentinels
  76 black mambas
  A spectral iron troll (Crypt:2)
  3 orange demons
  51 naga magi
  11 rust devils
  2 titan simulacra
  35 cane toads
  Psyche (D:9)
  7 fire giant skeletons (Crypt:3)
  8 spriggan zombies
  23 smoke demons
  4 centaur zombies
  5 gargoyles
  An alligator snapping turtle zombie (Crypt:1)
  3 eyes of devastation
  17 torpor snails
  A water nymph (shapeshifter) (Zig:7)
  2 cane toads (shapeshifter)
  2 emperor scorpion zombies
  19 rime drakes
  A torpor snail (shapeshifter) (Zig:10)
  6 ice statues
  8 elf skeletons
  71 yaktaurs
  A yaktaur (shapeshifter) (Vaults:3)
  27 hellions
  3 human zombies
  20 komodo dragons
  13 ice devils
  10 efreet
  29 freezing wraiths
  3 kobold demonologists (Abyss:1)
  A redback zombie (D:15)
  3 hellwings
  8 spriggan skeletons
  26 tormentors
  An anaconda simulacrum (IceCv)
  17 demonic crawlers
  2 spectral deep trolls (Crypt:2)
  5 golden dragon simulacra
  A swamp worm zombie (Crypt:2)
  3 tengu conjurers
  19 ancient zymes
  34 guardian mummies
  A grey draconian skeleton (Crypt:2)
  3 meliai (D:14)
  2 silent spectres
  14 red devils
  5 bloated husks
  A queen bee (D:14)
  15 trolls
  2 wind drakes
  A harpy zombie (Crypt:1)
  18 jumping spiders
  A jumping spider (shapeshifter) (Vaults:1)
  4 merfolk (shapeshifter)
  2 meliai (shapeshifter)
  A hydra skeleton (Crypt:1)
  43 saltlings
  10 merfolk
  6 polar bears
  13 tyrant leeches
  2 wind drakes (shapeshifter)
  Grinder (D:4)
  A shadow dragon simulacrum (Crypt:1)
  A hornet (shapeshifter) (Vaults:3)
  A sphinx simulacrum (Zig:17)
  A raiju (shapeshifter) (Vaults:2)
  109 slime creatures
  4 snapping turtles (shapeshifter)
  A wolf spider simulacrum (IceCv)
  24 hornets
  An iron dragon simulacrum (Zig:17)
  2 slime creatures (shapeshifter)
  6 snapping turtles
  29 blink frogs
  A boulder beetle zombie (Crypt:2)
  28 elf zombies
  23 dream sheep
  20 raiju
  28 flying skulls
  2 centaur simulacra
  18 redbacks
  11 air elementals
  19 shadows
  9 ushabtiu
  A redback (shapeshifter) (Zig:14)
  11 fire dragon skeletons (Crypt:3)
  14 tarantellas
  A tarantella (shapeshifter) (Zig:16)
  2 yaks (shapeshifter)
  12 water elementals
  38 wraiths
  11 ynoxinuls
  2 fire bats (Gauntlet)
  6 dire elephant simulacra (IceCv)
  An ettin skeleton (Abyss:3)
  6 vampires
  15 basilisks
  43 yaks
  15 golden eyes
  Grum (D:8)
  12 wyverns
  6 vampire mosquitoes
  A golden eye (shapeshifter) (Zig:23)
  A death yak simulacrum (IceCv)
  20 neqoxecs
  25 chaos spawn
  2 steam dragons
  20 fire elementals
  2 human simulacra (Vaults:1)
  Menkaure (D:4)
  5 harpy simulacra (IceCv)
  A swamp worm (shapeshifter) (Zig:23)
  2 insubstantial wisps (Zig:21)
  Edmund (D:5)
  3 iron troll simulacra (IceCv)
  23 swamp worms
  4 acid dragons
  A deep troll zombie (Vaults:3)
  A soldier ant (shapeshifter) (Zig:21)
  3 hydra simulacra
  47 nagas
  13 wargs
  50 water moccasins
  5 floating eyes
  22 soldier ants
  25 hell hounds
  A faun skeleton (Crypt:2)
  92 orc warriors
  A sky beast (shapeshifter) (Zig:19)
  11 swamp drakes
  An ice beast (shapeshifter) (D:15)
  8 ice beasts
  2 black bears
  4 phantoms
  4 sky beasts
  12 eyes of draining
  60 ogres
  27 centaurs
  46 starcursed masses
  3 boggarts (Vaults:3)
  13 necrophages
  27 wolves
  A tengu (shapeshifter) (Gauntlet)
  28 small abominations
  A swamp dragon skeleton (Crypt:3)
  3 big kobolds
  19 bullfrogs
  12 earth elementals
  2 water moccasin zombies
  3 human skeletons
  32 killer bees
  3 elf simulacra
  2 scorpions (D:9)
  A raiju zombie (Crypt:1)
  4 electric eels
  11 wights
  A wolf zombie (Crypt:1)
  A howler monkey (D:6)
  A crimson imp (D:6)
  A draconian simulacrum (IceCv)
  8 jellies
  4 lava snakes (Snake:1)
  4 quasits
  30 orc wizards
  5 bullfrog skeletons
  A gnoll shaman (Zig:3)
  35 orc priests
  7 hounds
  6 centaur skeletons
  14 iron imps
  4 iguanas
  A hell rat (Zig:15)
  A polar bear simulacrum (IceCv)
  35 worker ants
  A spriggan simulacrum (IceCv)
  5 troll simulacra (IceCv)
  A wolf simulacrum (IceCv)
  An ogre zombie (Crypt:2)
  2 hound zombies
  A hound skeleton (D:8)
  38 mummies
  5 gnolls
  A howler monkey zombie (D:7)
  22 adders
  2 naga simulacra (IceCv)
  2 ogre simulacra (IceCv)
  15 shadow imps
  14 white imps
  11 ufetubi
  15 oozes
  3 adder skeletons
  3 dart slugs
  2 leopard geckos (D:1)
  97 orcs
  10 giant cockroaches
  6 goblins
  13 hobgoblins
  7 jackals
  21 kobolds
  2 quokkas
  2 ball pythons
  5 bats
  A frilled lizard (D:3)
  3 leopard gecko skeletons
  A quokka skeleton (D:4)
  7 rats
  A rat skeleton (Crypt:1)
  65 blocks of ice
  16 butterflies (Vaults:1)
  8 crawling corpses
  110 fire vortices
  2 plants (Depths:5)
  5 starspawn tentacles
6277 creatures vanquished.

Vanquished Creatures (collateral kills)
  2 Killer Klowns
  A pearl dragon (Zig:18)
  4 acid blobs (Zig:26)
  An azure jelly (shapeshifter) (Zig:7)
  2 azure jellies (Zig:26)
  A fenstrider witch (shapeshifter) (Zig:7)
  A draconian scorcher (Zig:12)
  A very ugly thing (Zig:16)
  A death ooze (Slime:5)
  A death scarab (Zig:25)
  A queen ant (Lair:4)
  A spriggan berserker (Depths:4)
  A deep elf knight (Vaults:1)
  A starcursed mass (Zig:20)
  A deep elf mage (Elf:1)
  3 slime creatures
  An elf zombie (Zig:19)
  An acid dragon (D:14)
  A soldier ant (Lair:4)
  A worker ant (Lair:4)
  4 mummies
  2 blocks of ice
33 creatures vanquished.

Vanquished Creatures (others)
  2 Executioners (Zig:22)
  A draconian monk (Zig:17)
  A shadow dragon (Vaults:5)
  A tengu reaver (Zig:8)
  3 draconian knights
  A nagaraja (Zig:27)
  A ghost moth (Zot:3)
  A draconian scorcher (Zig:17)
  A draconian shifter (Zig:21)
  A merfolk javelineer (Zig:27)
  A fire dragon (Zig:22)
  A hell beast (Zig:22)
  A spriggan air mage (Depths:2)
  A hydra (Zig:27)
  A dancing weapon (Zig:16)
  A vampire mage (Zig:20)
  3 deep elf magi
  2 smoke demons
  A demonic crawler (Zig:22)
  2 bloated husks (Swamp:3)
  A tyrant leech (Swamp:4)
  A redback (Zig:27)
  A tarantella (Zig:27)
  A water elemental (Zig:19)
  A neqoxec (Zig:20)
  An ogre (D:7)
  2 orc wizards
  A small abomination (Abyss:5)
  3 ball lightnings (Zig:12)
  155 blocks of ice
  252 fire vortices
  9 foxfires
  60 fungi
  81 plants
  3 starspawn tentacles
  5 toadstools (D:4)
  31 withered plants (Crypt:3)
635 creatures vanquished.

Grand Total: 6945 creatures vanquished

Notes
Turn   | Place    | Note
-------+----------+-------------------------------------------
     0 | D:1      | Kaver the Gargoyle Earth Elementalist began the quest for
                  | the Orb.
     0 | D:1      | Reached XP level 1. HP: 10/10 MP: 3/3
   336 | D:1      | Reached XP level 2. HP: 15/15 MP: 1/5
   851 | D:1      | Reached XP level 3. HP: 19/19 MP: 6/6
   855 | D:1      | Learned a level 3 spell: Stone Arrow
  1722 | D:2      | Gained mutation: Your body sometimes deteriorates upon
                  | taking damage. [mutagenic glow]
  1826 | D:2      | Found a faded altar of an unknown god.
  1921 | D:2      | Reached skill level 1 in Conjurations
  2369 | D:2      | Reached XP level 4. HP: 24/24 MP: 6/8
  2606 | D:3      | Lost mutation: Your body sometimes deteriorates upon taking
                  | damage. [potion of mutation]
  2606 | D:3      | Gained mutation: You are partially covered in iridescent
                  | scales. (AC +2) [potion of mutation]
  2606 | D:3      | Gained mutation: You are agile. (Dex +2) [potion of
                  | mutation]
  2746 | D:3      | Noticed a centaur
  2759 | D:3      | Killed a centaur
  2760 | D:3      | Reached skill level 5 in Earth Magic
  2760 | D:3      | Reached XP level 5. HP: 14/28 MP: 2/10
  2781 | D:3      | Learned a level 5 spell: Lee's Rapid Deconstruction
  3023 | D:3      | Found a glowing golden altar of the Shining One.
  3268 | D:4      | Noticed Menkaure
  3273 | D:4      | Killed Menkaure
  3274 | D:4      | Reached XP level 6. HP: 32/32 MP: 3/12
  3354 | D:4      | Noticed Grinder
  3361 | D:4      | Killed Grinder
  3362 | D:4      | Reached XP level 7. HP: 32/36 MP: 2/13
  3585 | D:4      | Noticed Pikel
  3611 | D:4      | Killed Pikel
  3612 | D:4      | Reached skill level 5 in Spellcasting
  3612 | D:4      | Reached skill level 5 in Conjurations
  3612 | D:4      | Reached XP level 8. HP: 24/41 MP: 1/16
  3962 | D:4      | Found a blossoming altar of Fedhas.
  3983 | D:4      | Noticed an oklob plant
  4282 | D:5      | Entered Level 5 of the Dungeon
  4282 | D:5      | Noticed Edmund
  4295 | D:5      | Killed Edmund
  4813 | D:5      | Found a bloodstained altar of Trog.
  4896 | D:5      | Reached XP level 9. HP: 34/45 MP: 18/18
  4946 | D:5      | Found an ancient bone altar of Kikubaaqudgha.
  4948 | D:5      | Found an ancient bone altar of Kikubaaqudgha.
  4948 | D:5      | Found a snail-covered altar of Cheibriados.
  4950 | D:5      | Found a basalt altar of Yredelemnul.
  4950 | D:5      | Found a shimmering altar of Xom.
  4950 | D:5      | Found a radiant altar of Vehumet.
  5284 | D:6      | Found Giwess's Weapon Boutique.
  5467 | D:6      | Got a polished falchion
  5468 | D:6      | Identified the +7 falchion "Soraj" {vorpal, Str+4 Int+3}
                  | (You found it on level 6 of the Dungeon)
  5544 | D:6      | Learned a level 3 spell: Mephitic Cloud
  5876 | D:7      | Reached skill level 1 in Armour
  5908 | D:7      | Reached skill level 1 in Fighting
  5908 | D:7      | Reached skill level 1 in Evocations
  5915 | D:7      | Reached skill level 1 in Maces & Flails
  6444 | D:7      | Noticed a hornet
  6454 | D:7      | Killed a hornet
  6455 | D:7      | Reached XP level 10. HP: 34/53 MP: 20/20
  6508 | D:7      | Found a staircase to the Ecumenical Temple.
  6514 | Temple   | Entered the Ecumenical Temple
  6532 | Temple   | Became a worshipper of Vehumet
  7046 | D:8      | Found Dyfampu's Weapon Boutique.
  7057 | D:8      | Found a broken altar of Ashenzari.
  7216 | D:8      | Identified a scroll of acquirement
  7216 | D:8      | Acquired a +0 demon whip of venom
  7399 | D:8      | Noticed Grum
  7414 | D:8      | Reached * piety under Vehumet
  7414 | D:8      | Offered knowledge of Shock by Vehumet.
  7416 | D:8      | Killed Grum
  7938 | D:9      | Found a staircase to the Lair.
  8203 | D:9      | Reached skill level 10 in Earth Magic
  8295 | D:9      | Noticed Psyche
  8301 | D:9      | Killed Psyche
  8600 | D:9      | Found an iron altar of Okawaru.
  8644 | D:10     | Entered Level 10 of the Dungeon
  8732 | D:10     | Noticed a red ugly thing
  8749 | D:10     | Killed a red ugly thing
  8749 | D:10     | Offered knowledge of Searing Ray by Vehumet.
  8750 | D:10     | Reached XP level 11. HP: 23/61 MP: 19/22
  8844 | D:10     | Reached ** piety under Vehumet
  8935 | D:10     | Noticed a six-headed hydra
  8940 | D:10     | Killed a six-headed hydra
  9234 | D:11     | Noticed a wizard
  9242 | D:11     | Killed a wizard
  9249 | D:11     | Noticed a wizard
  9251 | D:11     | Identified the Incunabulum of Axaxaxas mlö
  9325 | D:11     | Identified the Catalogue of Plaster Cramp
  9332 | D:11     | Identified the Tome of Dhcmrlchtdj
  9338 | D:11     | Noticed a deep elf mage
  9342 | D:11     | Killed a deep elf mage
  9342 | D:11     | Noticed a wizard
  9349 | D:11     | Killed a wizard
  9718 | D:11     | Reached skill level 5 in Fighting
  9718 | D:11     | Reached skill level 5 in Armour
  9788 | D:11     | Noticed a cyclops
  9791 | D:11     | Killed a cyclops
 10071 | D:11     | Killed an unseen horror
 10076 | D:11     | Noticed a brown ugly thing
 10079 | D:11     | Killed a brown ugly thing
 10292 | D:11     | Noticed a two-headed ogre
 10304 | D:11     | Killed a two-headed ogre
 10305 | D:11     | Reached skill level 5 in Maces & Flails
 10865 | D:12     | Reached XP level 12. HP: 42/68 MP: 24/24
 11101 | D:12     | Noticed a two-headed ogre
 11108 | D:12     | Noticed a four-headed hydra
 11109 | D:12     | Killed a two-headed ogre
 11109 | D:12     | Offered knowledge of Static Discharge by Vehumet.
 11112 | D:12     | Killed a four-headed hydra
 11125 | D:12     | Found a staircase to the Orcish Mines.
 11153 | D:12     | Reached *** piety under Vehumet
 11154 | D:12     | Reached skill level 5 in Evocations
 11400 | D:12     | Reached skill level 5 in Dodging
 11537 | D:12     | Noticed a fire giant
 11654 | D:12     | Found a roughly hewn altar of Beogh.
 11739 | D:12     | Offered knowledge of Inner Flame by Vehumet.
 12231 | D:12     | Killed a fire giant
 12362 | D:12     | Noticed Josephine
 12366 | D:12     | Killed Josephine
 12367 | D:12     | Reached skill level 10 in Conjurations
 12817 | D:13     | Reached **** piety under Vehumet
 12818 | D:13     | Reached XP level 13. HP: 56/76 MP: 26/26
 12904 | D:13     | Offered knowledge of Olgreb's Toxic Radiance by Vehumet.
 12935 | D:13     | Found a snail-covered altar of Cheibriados.
 12964 | D:13     | Noticed Urug
 12980 | D:13     | Killed Urug
 13077 | D:13     | You fall into a shaft and drop 1 floor!
 13928 | D:14     | Noticed Jorgrun
 13938 | D:14     | Killed Jorgrun
 14059 | D:14     | Reached ***** piety under Vehumet
 14059 | D:14     | Offered knowledge of Fireball by Vehumet.
 14066 | D:14     | Learned a level 5 spell: Fireball
 14203 | D:14     | Reached skill level 1 in Fire Magic
 14489 | D:14     | Found a gate to the Vaults.
 14508 | D:14     | You fall into a shaft and drop 1 floor!
 14508 | D:15     | Entered Level 15 of the Dungeon
 14624 | D:14     | Found a shimmering blue altar of Sif Muna.
 14645 | D:14     | Identified the +8 whip of Gathea {flame, Stlth+}
 14932 | Lair:1   | Entered Level 1 of the Lair of Beasts
 15191 | Lair:1   | Found an ornate altar of the Wu Jian Council.
 15660 | Lair:1   | Got a shimmering rapier
 15661 | Lair:1   | Identified the cursed +0 rapier of Distraction {vorpal,
                  | Dex+5 Stlth+} (You found it on level 1 of the Lair of
                  | Beasts)
 15943 | Lair:2   | Gained mutation: Your large and strong wings let you fly
                  | indefinitely. [Gargoyle growth]
 15943 | Lair:2   | Reached XP level 14. HP: 66/84 MP: 25/27
 16001 | Lair:2   | Found a staircase to the Snake Pit.
 16252 | Lair:2   | Found a staircase to the Swamp.
 16315 | Lair:2   | Found a bloodstained altar of Trog.
 16601 | Lair:2   | You are sucked into a shaft and drop 1 floor!
 16636 | Lair:2   | Got a masterwork kite shield
 16821 | Lair:2   | You are sucked into a shaft and drop 2 floors!
 17167 | Lair:3   | Got a translucent flail
 17179 | Lair:3   | Identified the +7 flail of Sirax {venom, +Fly rElec rC-
                  | rN++} (You found it on level 3 of the Lair of Beasts)
 18713 | Lair:4   | Noticed an entropy weaver
 18714 | Lair:4   | Noticed an entropy weaver
 18743 | Lair:4   | Offered knowledge of Starburst by Vehumet.
 18745 | Lair:4   | Reached skill level 5 in Fire Magic
 18749 | Lair:4   | Killed an entropy weaver
 18750 | Lair:4   | Reached skill level 10 in Spellcasting
 18755 | Lair:4   | Killed an entropy weaver
 19285 | Lair:5   | Found a gate leading to a gauntlet.
 19295 | Gauntlet | Entered a Gauntlet
 19295 | Gauntlet | Found a transporter.
 19296 | Gauntlet | Found a large runed translucent door.
 19297 | Gauntlet | Found a large runed translucent door.
 19298 | Gauntlet | Found a large runed translucent door.
 19298 | Gauntlet | Found a large runed translucent door.
 19298 | Gauntlet | Found a runed translucent door.
 19299 | Gauntlet | Found a large runed translucent door.
 19300 | Gauntlet | Found a large runed translucent door.
 19301 | Gauntlet | Found a large runed translucent door.
 19301 | Gauntlet | Found a large runed translucent door.
 19302 | Gauntlet | Found a runed translucent gate.
 19302 | Gauntlet | Found a runed translucent gate.
 19304 | Gauntlet | Found a transporter.
 19312 | Gauntlet | Found a runed translucent gate.
 19312 | Gauntlet | Found a runed translucent door.
 19313 | Gauntlet | Found a large runed translucent door.
 19313 | Gauntlet | Found a large runed translucent door.
 19314 | Gauntlet | Found a large runed translucent door.
 19315 | Gauntlet | Found a large runed translucent door.
 19319 | Gauntlet | Found a transporter.
 19324 | Gauntlet | Found a transporter.
 19343 | Gauntlet | Found a transporter.
 19358 | Gauntlet | Found a transporter.
 19373 | Gauntlet | Found a transporter.
 19385 | Gauntlet | Found a transporter.
 19397 | Gauntlet | Found a transporter.
 19403 | Gauntlet | Found a transporter.
 19403 | Gauntlet | Found a transporter.
 19418 | Gauntlet | Found a transporter.
 19424 | Gauntlet | Found a transporter.
 19463 | Gauntlet | Found a transporter.
 19489 | Gauntlet | Found a transporter.
 19491 | Gauntlet | Found a transporter.
 19507 | Gauntlet | Found a large runed translucent door.
 19507 | Gauntlet | Found a large runed translucent door.
 19508 | Gauntlet | Found a large runed translucent door.
 19509 | Gauntlet | Found a large runed translucent door.
 19511 | Gauntlet | Found a transporter.
 19589 | Gauntlet | Found a transporter.
 19776 | Gauntlet | Identified the +5 kite shield "Tadd" {rC- Int+2 SInv} (You
                  | found it on level 2 of the Lair of Beasts)
 19903 | Gauntlet | Got a pair of crude gloves
 19913 | Gauntlet | Identified the +0 pair of gloves of Hedging {Harm rC- Str+7
                  | Int+3} (You found it in a Gauntlet)
 19948 | Gauntlet | Identified the +2 hand axe of Jeiguos {freeze, Will+ Str+4
                  | Dex+4}
 20047 | Lair:5   | Learned a level 6 spell: Starburst
 20124 | Lair:5   | Found a white marble altar of Elyvilon.
 20292 | Lair:5   | Found a staircase to the Slime Pits.
 20292 | Lair:5   | Found a viscous altar of Jiyva.
 20535 | Lair:5   | Reached XP level 15. HP: 90/90 MP: 26/29
 21128 | Lair:6   | Entered Level 6 of the Lair of Beasts
 21144 | Lair:6   | Offered knowledge of Spellforged Servitor by Vehumet.
 21314 | Lair:6   | Upgraded the game from 0.26-a0-1197-gd68fa41eda to
                  | 0.26-a0-1205-g4083c211ab
 22610 | Orc:1    | Entered Level 1 of the Orcish Mines
 22713 | Orc:1    | Noticed Snorg
 22719 | Orc:1    | Killed Snorg
 23121 | Orc:1    | Found a roughly hewn altar of Beogh.
 23413 | Orc:2    | Entered Level 2 of the Orcish Mines
 23422 | Orc:2    | Offered knowledge of Iron Shot by Vehumet.
 23624 | Orc:2    | Found a staircase to the Elven Halls.
 23781 | Orc:2    | Found Maus's Jewellery Shop.
 23829 | Orc:2    | Noticed Sonja
 23833 | Orc:2    | Killed Sonja
 23834 | Orc:2    | Reached skill level 10 in Fighting
 24084 | Orc:2    | Found Tousomoa's Jewellery Boutique.
 24093 | Orc:2    | Paralysed by an orc sorcerer for 5 turns
 24099 | Orc:2    | Found Fanygraj's General Store.
 24099 | Orc:2    | Found Yheujom's Armour Boutique.
 24108 | Orc:2    | Reached ****** piety under Vehumet
 24109 | Orc:2    | Reached XP level 16. HP: 17/97 MP: 15/30
 24233 | Orc:2    | Found Oqext's Assorted Antiques.
 24258 | Orc:2    | Bought a scroll of identify for 48 gold pieces
 24258 | Orc:2    | Bought a vibrating lapis lazuli ring for 120 gold pieces
 24259 | Orc:2    | Identified the ring of Ludghid {*Tele rElec rC+ Str+3
                  | Dex-4} (You bought it in a shop on level 2 of the Orcish
                  | Mines)
 24268 | Orc:2    | Bought 2 scrolls of identify for 40 gold pieces
 24507 | Orc:2    | Learned a level 6 spell: Iron Shot
 24993 | D:15     | Noticed Louise
 25007 | D:15     | Killed Louise
 25198 | D:15     | Offered knowledge of Irradiate by Vehumet.
 25449 | D:15     | Found a hide-covered altar of Uskayaw.
 25709 | D:15     | Found a basalt altar of Yredelemnul.
 25987 | D:15     | Found a staircase to the Depths.
 26428 | Snake:1  | Entered Level 1 of the Snake Pit
 27093 | Snake:1  | Learned a level 5 spell: Irradiate
 28167 | Snake:2  | Noticed a nagaraja
 28186 | Snake:2  | Killed a nagaraja
 28268 | Snake:2  | Found Xischuilax's Weapon Emporium.
 28279 | Snake:2  | Found Ilocauwn's Antique Armour Boutique.
 28322 | Snake:2  | Bought a pair of glowing boots for 202 gold pieces
 28450 | Snake:2  | Found a glowing silver altar of Zin.
 28919 | Snake:2  | Reached skill level 10 in Maces & Flails
 28989 | Snake:2  | Found Qeuptuho's Antique Weapon Emporium.
 29011 | Snake:2  | Offered knowledge of Bolt of Magma by Vehumet.
 29019 | Snake:2  | Learned a level 5 spell: Bolt of Magma
 29089 | Snake:2  | Reached XP level 17. HP: 95/104 MP: 32/32
 29407 | Snake:2  | Reached skill level 10 in Fire Magic
 29848 | Snake:2  | Found Baiceulodi's Magic Scroll Boutique.
 29853 | Snake:2  | Bought a scroll of identify for 28 gold pieces
 29853 | Snake:2  | Bought a scroll of identify for 28 gold pieces
 29853 | Snake:2  | Bought a scroll of identify for 28 gold pieces
 29853 | Snake:2  | Bought a scroll of teleportation for 42 gold pieces
 29853 | Snake:2  | Bought a scroll of teleportation for 42 gold pieces
 30030 | Snake:2  | Identified the +2 leather armour of the Undertaker {MP+9
                  | Str-3 Int+6} (You found it on level 2 of the Snake Pit)
 30531 | Snake:3  | Found Famiur's Gadget Shop.
 30531 | Snake:3  | Found Jealun's Jewellery Shoppe.
 30532 | Snake:3  | Found Rokk's Jewellery Shoppe.
 31259 | Snake:3  | Found a burning altar of Makhleb.
 31523 | Snake:4  | Entered Level 4 of the Snake Pit
 31574 | Snake:4  | Found Uzoar's General Store.
 31580 | Snake:4  | Found Iseisank's Book Boutique.
 31585 | Snake:4  | Bought a scroll of identify for 30 gold pieces
 31731 | Swamp:1  | Entered Level 1 of the Swamp
 31852 | Swamp:1  | Learned a level 8 spell: Ignition
 32847 | Swamp:2  | Offered knowledge of Lehudib's Crystal Spear by Vehumet.
 33280 | Swamp:2  | Found a transporter.
 33302 | Swamp:2  | Found a transporter.
 33579 | Swamp:2  | Reached XP level 18. HP: 110/110 MP: 30/33
 34159 | Swamp:3  | Found a frozen archway.
 34174 | IceCv    | Entered an ice cave
 35463 | IceCv    | Noticed an Ice Fiend
 35465 | IceCv    | Offered knowledge of Fire Storm by Vehumet.
 35465 | IceCv    | Offered knowledge of Chain Lightning by Vehumet.
 35465 | IceCv    | Offered knowledge of Absolute Zero by Vehumet.
 35465 | IceCv    | Killed an Ice Fiend
 36717 | Swamp:4  | Entered Level 4 of the Swamp
 36738 | Swamp:4  | Reached skill level 15 in Fire Magic
 36957 | Swamp:4  | Noticed the 27-headed Lernaean hydra
 36960 | Swamp:4  | Killed the 27-headed Lernaean hydra
 36994 | Swamp:4  | Got a decaying rune of Zot
 37296 | Swamp:4  | Reached skill level 15 in Earth Magic
 37815 | Snake:4  | Reached XP level 19. HP: 116/116 MP: 34/34
 38004 | Snake:4  | Reached skill level 10 in Evocations
 38466 | Snake:4  | Got a serpentine rune of Zot
 39094 | Elf:1    | Entered Level 1 of the Elven Halls
 39941 | Elf:1    | Identified the +3 pair of gloves "Tehifoug" {+Blink rN+
                  | Str+4 Stlth+}
 39941 | Elf:1    | Noticed Nikola
 39947 | Elf:1    | Killed Nikola
 40389 | Elf:1    | Reached XP level 20. HP: 125/125 MP: 36/36
 40655 | Elf:2    | Found a runed translucent gate.
 40655 | Elf:2    | Found a runed translucent gate.
 40656 | Elf:2    | Found a runed translucent gate.
 40782 | Elf:2    | Found a roughly hewn altar of Beogh.
 41195 | Elf:3    | Entered Level 3 of the Elven Halls
 41373 | Elf:3    | Reached skill level 10 in Dodging
 41555 | Elf:3    | Cast into level 2 of the Abyss (a deep elf sorcerer)
 41841 | Abyss:2  | Paralysed by accursed screaming for 2 turns
 42219 | Elf:3    | Escaped the Abyss
 42230 | Elf:3    | Reached XP level 21. HP: 80/132 MP: 33/37
 42493 | Elf:3    | Identified the +10 chain mail of Kuedig {Slay+3}
 42690 | Elf:3    | Found the ring of the Mage {Wiz Will++ Int+3}
 42760 | Elf:3    | Found the +8 longbow "Zephyr" {speed, Dex+3 SInv}
 42982 | Elf:3    | Reached skill level 15 in Fighting
 43215 | Elf:3    | Noticed Bai Suzhen
 43222 | Elf:3    | Killed Bai Suzhen
 44286 | Vaults:1 | Entered Level 1 of the Vaults
 44393 | Vaults:1 | Found a huge runed gate.
 44393 | Vaults:1 | Found a huge runed gate.
 44393 | Vaults:1 | Found a huge runed gate.
 44393 | Vaults:1 | Found a huge runed gate.
 44393 | Vaults:1 | Found a huge runed gate.
 44393 | Vaults:1 | Found a huge runed gate.
 44394 | Vaults:1 | Found a huge runed gate.
 44394 | Vaults:1 | Found a huge runed gate.
 44394 | Vaults:1 | Found a huge runed gate.
 44394 | Vaults:1 | Found a huge runed gate.
 44394 | Vaults:1 | Found a huge runed gate.
 44395 | Vaults:1 | Found a huge runed gate.
 44396 | Vaults:1 | Found a huge runed gate.
 44397 | Vaults:1 | Found a huge runed gate.
 44413 | Vaults:1 | Found a huge runed gate.
 44413 | Vaults:1 | Found a huge runed gate.
 44413 | Vaults:1 | Found a huge runed gate.
 44413 | Vaults:1 | Found a huge runed gate.
 44413 | Vaults:1 | Found a huge runed gate.
 44413 | Vaults:1 | Found a huge runed gate.
 44413 | Vaults:1 | Found a huge runed gate.
 44414 | Vaults:1 | Found a huge runed gate.
 44415 | Vaults:1 | Found a huge runed gate.
 44445 | Vaults:1 | Found a huge runed gate.
 44445 | Vaults:1 | Found a huge runed gate.
 44445 | Vaults:1 | Found a huge runed gate.
 44445 | Vaults:1 | Found a huge runed gate.
 44445 | Vaults:1 | Found a huge runed gate.
 44445 | Vaults:1 | Found a huge runed gate.
 44446 | Vaults:1 | Found a huge runed gate.
 44447 | Vaults:1 | Found a huge runed gate.
 44448 | Vaults:1 | Found a huge runed gate.
 44457 | Vaults:1 | Found a huge runed gate.
 44457 | Vaults:1 | Found a huge runed gate.
 44457 | Vaults:1 | Found a huge runed gate.
 44457 | Vaults:1 | Found a huge runed gate.
 44569 | Vaults:1 | Learned a level 9 spell: Shatter
 44678 | Vaults:1 | Reached skill level 15 in Conjurations
 45833 | Vaults:1 | Reached XP level 22. HP: 122/141 MP: 28/39
 47255 | Vaults:2 | Found Zec Guxte's Gadget Shoppe.
 47661 | Vaults:3 | Acquired 1009 gold pieces
 47667 | Vaults:3 | Found Coff's Antique Weapon Shop.
 47677 | Vaults:3 | Found a ruined gateway.
 47683 | Desolati | Entered the Desolation of Salt
 47752 | Desolati | Got a scintillating lead ring
 47753 | Desolati | Identified the ring "Necrakla" {rN++ Str+6 Slay+3} (You
                  | found it in the Desolation of Salt)
 48085 | Desolati | Identified the Compendium of Shifting Attacks
 48387 | Desolati | Identified the Grimoire of Supportive Sinister Rituals
 48390 | Desolati | Identified the Reference Book on Mutagenic Conjuration
 48403 | Desolati | Identified the amulet "Fatentag" {Reflect rPois Int+4 SH+5
                  | Stlth+} (You found it in the Desolation of Salt)
 48928 | Vaults:3 | Found Vawkuas's Assorted Antiques.
 48936 | Vaults:3 | Bought a potion of heal wounds for 140 gold pieces
 48936 | Vaults:3 | Bought a potion of curing for 84 gold pieces
 48936 | Vaults:3 | Bought a scroll of teleportation for 84 gold pieces
 48936 | Vaults:3 | Bought a crude cloak for 266 gold pieces
 48936 | Vaults:3 | Identified the +2 cloak of Resourcefulness {+Fly} (You
                  | bought it in a shop on level 3 of the Vaults)
 48984 | Vaults:3 | Found Poqeseba's Assorted Antiques.
 49005 | Vaults:3 | Bought a scroll of identify for 76 gold pieces
 49005 | Vaults:3 | Bought a scroll of identify for 76 gold pieces
 49005 | Vaults:3 | Bought a scroll of blinking for 285 gold pieces
 49024 | Vaults:3 | Found Unoam's Jewellery Shoppe.
 49098 | Vaults:3 | Bought a scroll of acquirement for 1976 gold pieces
 49100 | Vaults:3 | Acquired a +4 eveningstar of draining
 49369 | Vaults:3 | Reached XP level 23. HP: 148/148 MP: 40/40
 49439 | Vaults:3 | Found a runed translucent door.
 49998 | Vaults:3 | Found a staircase to the Crypt.
 49998 | Vaults:3 | Found a basalt altar of Yredelemnul.
 49999 | Vaults:3 | Found an ancient bone altar of Kikubaaqudgha.
 50095 | Vaults:3 | Noticed glosham's ghost (adept TrBr)
 50096 | Vaults:3 | Found the +7 Spriggan's Knife {stab, EV+4 Stlth+}
 50096 | Vaults:3 | Found the +0 pair of fencer's gloves {Riposte Dex+3}
 50118 | Vaults:3 | Killed glosham's ghost
 51677 | Vaults:4 | Found Gel Qeitz's Antique Weapon Boutique.
 52516 | Vaults:4 | Noticed Jory
 52521 | Vaults:4 | Killed Jory
 52975 | Vaults:5 | Entered Level 5 of the Vaults
 52977 | Vaults:5 | Reached XP level 24. HP: 156/156 MP: 41/41
 52978 | Vaults:5 | Noticed an ancient lich
 52980 | Vaults:5 | Noticed an ancient lich
 52981 | Vaults:5 | Killed an ancient lich
 52981 | Vaults:5 | Killed an ancient lich
 52992 | Vaults:5 | Noticed an ancient lich
 52992 | Vaults:5 | Noticed an ancient lich
 52995 | Vaults:5 | Killed an ancient lich
 52995 | Vaults:5 | Killed an ancient lich
 53286 | Vaults:5 | Gained mutation: You are frail. (-10% HP) [mutagenic glow]
 53295 | Vaults:5 | Reached XP level 25. HP: 127/145 MP: 8/41
 53313 | Vaults:4 | Gained mutation: Armour fits poorly on your strangely
                  | shaped body. [mutagenic glow]
 53517 | Vaults:4 | Lost mutation: You are frail. (-10% HP) [potion of
                  | mutation]
 53517 | Vaults:4 | Lost mutation: You are agile. (Dex +2) [potion of mutation]
 53517 | Vaults:4 | Lost mutation: Armour fits poorly on your strangely shaped
                  | body. [potion of mutation]
 53517 | Vaults:4 | Gained mutation: You are partially covered in icy blue
                  | scales. (AC +2) [potion of mutation]
 53517 | Vaults:4 | Gained mutation: You are somewhat resistant to further
                  | mutation. [potion of mutation]
 54360 | Vaults:5 | Identified the +9 dire flail of the Howling Viper {vamp,
                  | Str+3}
 54360 | Vaults:5 | Identified the ring "Belaocun" {rF++ MP+9 Stlth+}
 54747 | Vaults:5 | Reached skill level 15 in Spellcasting
 54771 | Vaults:5 | Identified the +1 scale mail of Rifaicse {*Contam rF- rN+++
                  | Int+8}
 54955 | Vaults:5 | Identified the +1 robe of Elyvilon's Scorn {Regen+ Str-4
                  | Int+9} (You found it on level 5 of the Vaults)
 54975 | Vaults:5 | Acquired 918 gold pieces
 55064 | Vaults:5 | Got a silver rune of Zot
 55252 | Vaults:5 | Identified the +9 long sword of Gehenna {pain, rN+ Dex+3
                  | Stlth-}
 55273 | Vaults:5 | Identified the Tome of Intoxication and Ice
 55277 | Vaults:5 | Found the +0 glaive of the Guard {elec, spectral, AC+5}
 55285 | Vaults:5 | Identified Sif Muna's Incunabulum of Glacial Envenoming
 55613 | Crypt:1  | Entered Level 1 of the Crypt
 56493 | Crypt:2  | Reached skill level 15 in Maces & Flails
 57077 | Crypt:2  | Got a wavering copper ring
 57078 | Crypt:2  | Identified the ring "Desoeror" {Dex+9 Stlth+} (You found it
                  | on level 2 of the Crypt)
 57171 | Crypt:2  | Reached XP level 26. HP: 170/170 MP: 28/42
 57313 | Crypt:2  | Identified the +10 war axe of Day {freeze, Dex+5}
 57335 | Crypt:2  | Noticed Boris
 57356 | Crypt:2  | Killed Boris
 57631 | Crypt:2  | Noticed Margery
 57662 | Crypt:2  | Killed Margery
 58266 | Crypt:2  | Found a runed translucent door.
 58266 | Crypt:2  | Noticed Utoppaes's ghost (veteran GrFi)
 58366 | Crypt:2  | Killed Utoppaes's ghost
 58539 | Crypt:3  | Entered Level 3 of the Crypt
 59373 | Crypt:3  | Found a staircase to the Tomb.
 59430 | Crypt:3  | Identified the +10 flail "Qiobits" {flame, rC- Int+8} (You
                  | found it on level 3 of the Crypt)
 59527 | Crypt:3  | Found the cursed +13 scythe of Curses {drain, *Curse}
 59913 | Crypt:3  | Got a wavering emerald amulet
 59913 | Crypt:3  | Got a scintillating lapis lazuli ring
 59916 | Crypt:3  | Identified the amulet of Zeypheatt {rElec rF+ Regen+} (You
                  | found it on level 3 of the Crypt)
 59928 | Crypt:3  | Identified the ring "Aphilin" {rElec rN+} (You found it on
                  | level 3 of the Crypt)
 60219 | Crypt:3  | Found an ancient bone altar of Kikubaaqudgha.
 60300 | Crypt:3  | Identified Dispater's Collected Works on Creative
                  | Confrontation
 60306 | Crypt:3  | Noticed an ancient lich
 60311 | Crypt:3  | Killed an ancient lich
 60831 | Depths:1 | Entered Level 1 of the Depths
 61307 | Depths:1 | Found a one-way gate to the infinite horrors of the Abyss.
 61400 | Depths:1 | Found a one-way gate leading to the halls of Pandemonium.
 61642 | Depths:1 | Reached XP level 27. HP: 134/176 MP: 38/42
 61725 | Depths:1 | Learned a level 9 spell: Fire Storm
 61827 | Depths:1 | Found a gateway to Hell.
 62246 | Depths:2 | Found Sakuntua's Assorted Antiques.
 62249 | Depths:2 | Bought 3 scrolls of teleportation for 198 gold pieces
 62249 | Depths:2 | Bought a scroll of magic mapping for 77 gold pieces
 62249 | Depths:2 | Bought a potion of might for 88 gold pieces
 62249 | Depths:2 | Bought a scroll of magic mapping for 77 gold pieces
 62249 | Depths:2 | Bought a potion of curing for 66 gold pieces
 62249 | Depths:2 | Bought a scroll of magic mapping for 77 gold pieces
 62249 | Depths:2 | Bought a scroll of identify for 44 gold pieces
 62254 | Depths:2 | Found Qyrafuwk's Magic Scroll Shoppe.
 62274 | Depths:2 | Found Ataoxt's Antique Armour Shop.
 62284 | Depths:2 | Bought a scroll of teleportation for 42 gold pieces
 62284 | Depths:2 | Bought a scroll of magic mapping for 49 gold pieces
 62284 | Depths:2 | Bought a scroll of identify for 28 gold pieces
 62284 | Depths:2 | Bought a scroll of enchant weapon for 105 gold pieces
 62284 | Depths:2 | Bought a scroll of summoning for 133 gold pieces
 62284 | Depths:2 | Bought a scroll of blinking for 105 gold pieces
 62284 | Depths:2 | Bought a scroll of enchant weapon for 105 gold pieces
 62284 | Depths:2 | Bought a scroll of identify for 28 gold pieces
 63159 | Depths:2 | Noticed Mara
 63163 | Depths:2 | Killed Mara
 63482 | Depths:2 | Noticed Asterion
 63490 | Depths:2 | Killed Asterion
 63497 | Depths:2 | Noticed Frederick
 63502 | Depths:2 | Killed Frederick
 63531 | Depths:2 | Found a radiant altar of Vehumet.
 64475 | Depths:3 | Found Zaqimih's Antique Armour Emporium.
 65835 | Depths:4 | Noticed a juggernaut
 65839 | Depths:4 | Killed a juggernaut
 66152 | Depths:4 | Identified the +5 lajatang of Iffeipug {vamp, *Rage rC++
                  | rN+}
 66369 | Depths:4 | Found a gateway to a ziggurat.
 67060 | Depths:5 | Entered Level 5 of the Depths
 67227 | Depths:5 | Identified the ring "Omofiasu" {rCorr Str+4 Dex+5 Stlth-}
 67236 | Depths:5 | Found Weomov Voo's Magic Scroll Shoppe.
 67236 | Depths:5 | Found a transporter.
 67542 | Depths:5 | Bought a scroll of identify for 40 gold pieces
 67542 | Depths:5 | Bought a scroll of identify for 40 gold pieces
 67542 | Depths:5 | Bought a scroll of identify for 40 gold pieces
 67542 | Depths:5 | Bought a scroll of holy word for 150 gold pieces
 67542 | Depths:5 | Bought a scroll of teleportation for 60 gold pieces
 67544 | Depths:5 | Reached skill level 15 in Dodging
 67619 | Depths:5 | Noticed Saint Roka
 67625 | Depths:5 | Killed Saint Roka
 67796 | Depths:5 | Learned a level 9 spell: Absolute Zero
 67879 | Depths:5 | Found a transporter.
 68208 | Depths:5 | Identified the ring of Ybleveipp {Str+6 Int+6 Slay+3}
 68218 | Depths:5 | Noticed Sojobo
 68656 | Depths:5 | Paralysed by a floating eye for 2 turns
 68664 | Depths:5 | Killed Sojobo
 68936 | Depths:5 | Found Latsoza's Antique Weapon Shop.
 69218 | Depths:5 | Acquired 1077 gold pieces
 69316 | Depths:5 | Got a coiled iron ring
 69317 | Depths:5 | Identified the ring "Nifiamass" {+Blink MP+9 Str+2 Dex+3
                  | Slay+4} (You took it off an orc wizard on level 5 of the
                  | Depths)
 69478 | Depths:5 | Found a gate to the Realm of Zot.
 69520 | Depths:5 | Reached skill level 1 in Ice Magic
 70116 | Slime:1  | Entered Level 1 of the Pits of Slime
 70943 | Slime:4  | Gained mutation: Scrolls take you a little longer to read.
                  | [a shining eye]
 71070 | Slime:5  | Entered Level 5 of the Pits of Slime
 71090 | Slime:5  | Reached skill level 5 in Ice Magic
 71096 | Slime:5  | Noticed the Royal Jelly
 71100 | Slime:5  | Killed the Royal Jelly
 71393 | Slime:5  | Found the +7 sceptre of Torment {pain, torment}
 71439 | Slime:5  | Got a slimy rune of Zot
 71440 | Slime:5  | Identified Sif Muna's Papyrus of the Frostbite
 71859 | Depths:1 | Voluntarily entered the Abyss.
 72204 | Abyss:1  | Gained mutation: You are dopey. (Int -2) [a neqoxec]
 72937 | Abyss:3  | Got an abyssal rune of Zot
 72961 | Depths:1 | Escaped the Abyss
 72969 | Depths:1 | Reached skill level 10 in Ice Magic
 72969 | Depths:1 | Lost mutation: You are dopey. (Int -2) [potion of mutation]
 72969 | Depths:1 | Lost mutation: You are somewhat resistant to further
                  | mutation. [potion of mutation]
 72969 | Depths:1 | Lost mutation: Scrolls take you a little longer to read.
                  | [potion of mutation]
 72969 | Depths:1 | Gained mutation: You are somewhat resistant to further
                  | mutation. [potion of mutation]
 72969 | Depths:1 | Gained mutation: You are weak. (Str -2) [potion of
                  | mutation]
 72969 | Depths:1 | Gained mutation: You are somewhat resistant to both further
                  | mutation and mutation removal. [potion of mutation]
 73082 | Zig:1    | Entered Level 1 of a ziggurat
 73140 | Zig:2    | Entered Level 2 of a ziggurat
 73258 | Zig:3    | Entered Level 3 of a ziggurat
 73332 | Zig:4    | Entered Level 4 of a ziggurat
 73358 | Zig:5    | Entered Level 5 of a ziggurat
 73362 | Zig:5    | Noticed a royal mummy
 73365 | Zig:5    | Killed a royal mummy
 73478 | Zig:5    | Acquired a book of Annihilations
 73482 | Zig:6    | Entered Level 6 of a ziggurat
 73489 | Zig:6    | Noticed a juggernaut
 73491 | Zig:6    | Killed a juggernaut
 73535 | Zig:6    | Identified the Tome of Ice and Malediction
 73561 | Zig:7    | Entered Level 7 of a ziggurat
 73587 | Zig:7    | Noticed Bibrabb the pandemonium lord
 73588 | Zig:7    | Killed Bibrabb the pandemonium lord
 73682 | Zig:8    | Entered Level 8 of a ziggurat
 73690 | Zig:8    | Noticed Racw the pandemonium lord
 73695 | Zig:8    | Killed Racw the pandemonium lord
 73822 | Zig:9    | Entered Level 9 of a ziggurat
 73899 | Zig:9    | Reached skill level 15 in Ice Magic
 73911 | Zig:10   | Entered Level 10 of a ziggurat
 73917 | Zig:10   | Noticed a juggernaut
 73918 | Zig:10   | Noticed a juggernaut
 73919 | Zig:10   | Noticed a juggernaut
 73921 | Zig:10   | Killed a juggernaut
 73921 | Zig:10   | Killed a juggernaut
 73922 | Zig:10   | Killed a juggernaut
 73976 | Zig:10   | Got a coiled ruby amulet
 73977 | Zig:10   | Identified the amulet "Xuefadim" {Inacc *Contam rElec Str+2
                  | Int+2} (You found it on level 10 of a ziggurat)
 73985 | Zig:11   | Entered Level 11 of a ziggurat
 74092 | Zig:11   | Got a transparent brass ring
 74093 | Zig:11   | Identified the ring of Ruqirph {Wiz *Corrode Will+ Int+8
                  | Stlth-} (You found it on level 11 of a ziggurat)
 74103 | Zig:11   | Identified Ysy Geust's Papyrus of the Escort and Poisoning
 74111 | Zig:12   | Entered Level 12 of a ziggurat
 74209 | Zig:13   | Entered Level 13 of a ziggurat
 74338 | Zig:13   | Identified the +5 morningstar "Ipein" {freeze, *Corrode
                  | +Rage rPois Will++ Dex+2} (You found it on level 13 of a
                  | ziggurat)
 74353 | Zig:14   | Entered Level 14 of a ziggurat
 74393 | Zig:14   | Got a brightly glowing lead ring
 74394 | Zig:14   | Identified the ring of Kikubaaqudgha's Hatred {rPois Str+8
                  | Int-5 Dex+6} (You found it on level 14 of a ziggurat)
 74399 | Zig:14   | Got a transparent platinum ring
 74400 | Zig:14   | Identified the ring "Qilang" {rPois rF+ rN+ Int+3 SInv}
                  | (You found it on level 14 of a ziggurat)
 74410 | Zig:15   | Entered Level 15 of a ziggurat
 74415 | Zig:15   | Noticed a juggernaut
 74419 | Zig:15   | Killed a juggernaut
 74419 | Zig:15   | Noticed a juggernaut
 74422 | Zig:15   | Killed a juggernaut
 74424 | Zig:15   | Noticed a juggernaut
 74426 | Zig:15   | Killed a juggernaut
 74450 | Zig:15   | Identified the Handbook of the Rocks and the Volcanoes
 74457 | Zig:15   | Identified the Reference Book on the Frostbite
 74470 | Zig:15   | Identified a +0 pair of boots of running (You found it on
                  | level 15 of a ziggurat)
 74537 | Zig:16   | Entered Level 16 of a ziggurat
 74537 | Zig:16   | Noticed an ancient lich
 74542 | Zig:16   | Killed an ancient lich
 74561 | Zig:16   | Found the +2 Maxwell's thermic engine {flame, freeze}
 74581 | Zig:16   | Got a warped lead ring
 74582 | Zig:16   | Identified the cursed ring "Neuwie" {rPois Str+4 Slay-4}
                  | (You found it on level 16 of a ziggurat)
 74667 | Zig:17   | Entered Level 17 of a ziggurat
 74817 | Zig:17   | Got a scorched sapphire amulet
 74818 | Zig:17   | Identified the amulet "Noegouzao" {RegenMP Int+5} (You
                  | found it on level 17 of a ziggurat)
 74837 | Zig:17   | Identified the +3 morningstar "Sotaops" {venom, rF+} (You
                  | found it on level 17 of a ziggurat)
 74840 | Zig:18   | Entered Level 18 of a ziggurat
 74901 | Zig:18   | Found the +3 hat of Pondering {ponderous, Will+ MP+10
                  | Int+5}
 74907 | Zig:18   | Found the +2 robe of Vines {NoPotionHeal Regen+7}
 74913 | Zig:18   | Got a scorched copper ring
 74914 | Zig:18   | Identified the cursed ring "Ofohir" {rF+ Dex-4 SInv} (You
                  | found it on level 18 of a ziggurat)
 74926 | Zig:18   | Identified the +3 pair of gloves of Hanuimusch {rPois} (You
                  | found it on level 18 of a ziggurat)
 74930 | Zig:18   | Acquired 418 gold pieces
 74951 | Zig:19   | Entered Level 19 of a ziggurat
 75300 | Zig:19   | Found the +10 zealot's sword {holy, *Rage rN+ EV+3}
 75305 | Zig:19   | Got an ancient glass ring
 75306 | Zig:19   | Identified the ring "Azeif" {Fire *Contam *Corrode Str+9
                  | Int+4} (You found it on level 19 of a ziggurat)
 75318 | Zig:19   | Identified the Reference Book on Transmigration and
                  | Lightness
 75321 | Zig:19   | Got a vibrating turquoise ring
 75322 | Zig:19   | Identified the ring "Wecerghu" {Fire Will+} (You found it
                  | on level 19 of a ziggurat)
 75333 | Zig:20   | Entered Level 20 of a ziggurat
 75343 | Zig:20   | Noticed an ancient lich
 75349 | Zig:20   | Killed an ancient lich
 75399 | Zig:20   | Got a brightly glowing tin ring
 75400 | Zig:20   | Identified the ring of Kefac {*Drain rPois EV+4 Dex+10}
                  | (You found it on level 20 of a ziggurat)
 75407 | Zig:20   | Identified the Grimoire of Scorching Damage Dealing
 75424 | Zig:20   | Learned a level 8 spell: Necromutation
 75426 | Zig:21   | Entered Level 21 of a ziggurat
 75439 | Zig:21   | Reached skill level 1 in Necromancy
 75439 | Zig:21   | Reached skill level 1 in Transmutations
 75447 | Zig:21   | Reached skill level 5 in Necromancy
 75447 | Zig:21   | Reached skill level 5 in Transmutations
 75584 | Zig:21   | Identified the Reference Book on Glacial Fire
 75586 | Zig:21   | Identified the Tome of Dark Magic and Moulding
 75600 | Zig:21   | Learned a level 8 spell: Lehudib's Crystal Spear
 75608 | Zig:21   | Identified the +8 demon whip "Sevvyosch" {flame, Str+3}
                  | (You found it on level 21 of a ziggurat)
 75612 | Zig:21   | Got a slimy steel amulet
 75613 | Zig:21   | Identified the amulet "Tahyitiss" {Spirit rElec rF++} (You
                  | found it on level 21 of a ziggurat)
 75624 | Zig:22   | Entered Level 22 of a ziggurat
 75663 | Zig:22   | Identified the Tome of Captivating Displacement
 75671 | Zig:22   | Identified the Papyrus of the Oath
 75689 | Zig:23   | Entered Level 23 of a ziggurat
 75697 | Zig:23   | Noticed an ancient lich
 75699 | Zig:23   | Noticed an ancient lich
 75701 | Zig:23   | Killed an ancient lich
 75702 | Zig:23   | Killed an ancient lich
 75702 | Zig:23   | Noticed an ancient lich
 75706 | Zig:23   | Killed an ancient lich
 75709 | Zig:23   | Noticed an ancient lich
 75712 | Zig:23   | Killed an ancient lich
 75713 | Zig:23   | Reached skill level 10 in Necromancy
 75713 | Zig:23   | Reached skill level 10 in Transmutations
 75845 | Zig:23   | Got a twitching lapis lazuli ring
 75846 | Zig:23   | Identified the ring "Neiqewn" {Ice *Corrode Will+ Slay+3}
                  | (You found it on level 23 of a ziggurat)
 75900 | Zig:24   | Entered Level 24 of a ziggurat
 75942 | Zig:24   | Identified Sif Muna's Handbook of Destructive Feathers
 75958 | Zig:24   | Identified Keel's Reference Book on Doomed Beguiling
 75964 | Zig:24   | Got a steaming bone ring
 75965 | Zig:24   | Identified the ring of Uczocot {rPois rC+ rN+} (You found
                  | it on level 24 of a ziggurat)
 75970 | Zig:24   | Acquired a +2 hat of willpower
 75987 | Zig:24   | Acquired 775 gold pieces
 75995 | Zig:24   | Identified the Guide on Flamy Stolen Souls
 76004 | Zig:24   | Got a warped garnet amulet
 76005 | Zig:24   | Identified the amulet "Saliusaw" {Spirit Will+++ Int-4
                  | Dex+3 SInv} (You found it on level 24 of a ziggurat)
 76008 | Zig:25   | Entered Level 25 of a ziggurat
 76021 | Zig:25   | Noticed a royal mummy
 76021 | Zig:25   | Noticed an ancient lich
 76021 | Zig:25   | Noticed a royal mummy
 76021 | Zig:25   | Noticed a royal mummy
 76021 | Zig:25   | Noticed a royal mummy
 76021 | Zig:25   | Noticed a royal mummy
 76021 | Zig:25   | Noticed a royal mummy
 76021 | Zig:25   | Noticed a royal mummy
 76021 | Zig:25   | Noticed a royal mummy
 76022 | Zig:25   | Killed a royal mummy
 76023 | Zig:25   | Killed a royal mummy
 76023 | Zig:25   | Killed a royal mummy
 76023 | Zig:25   | Killed an ancient lich
 76036 | Zig:25   | Killed a royal mummy
 76037 | Zig:25   | Reached skill level 15 in Necromancy
 76039 | Zig:25   | Killed a royal mummy
 76040 | Zig:25   | Killed a royal mummy
 76052 | Zig:25   | Killed a royal mummy
 76059 | Zig:25   | Killed a royal mummy
 76073 | Zig:25   | Found the +3 giant club "Skullcrusher" {speed, Str+7}
 76135 | Zig:25   | Found the +7 captain's cutlass {speed, disarm}
 76141 | Zig:25   | Identified the Collected Works on Attacks
 76174 | Zig:26   | Entered Level 26 of a ziggurat
 76287 | Zig:26   | Got a flickering bronze ring
 76288 | Zig:26   | Identified the ring "Miophir" {Will+ Int+4 Dex+4} (You
                  | found it on level 26 of a ziggurat)
 76361 | Zig:27   | Entered Level 27 of a ziggurat
 76394 | Zig:27   | Found the +5 demon whip "Spellbinder" {antimagic, Will+}
 76477 | Zig:27   | Identified the Reference Book on Cold and Transmutation
 76508 | Zig:27   | Identified Foghygyu's Volume of Combat Magic
 76624 | D:15     | Upgraded the game from 0.26-a0-1205-g4083c211ab to
                  | 0.26-a0-1213-gd52f5182fe
 76626 | Zig:1    | Entered Level 1 of a ziggurat
 76644 | Zig:2    | Entered Level 2 of a ziggurat
 76681 | Zig:3    | Entered Level 3 of a ziggurat
 76699 | Zig:3    | Identified the Handbook of Stones and Flames
 76716 | Zig:4    | Entered Level 4 of a ziggurat
 76719 | Zig:4    | Noticed Rejojaps the pandemonium lord
 76721 | Zig:4    | Killed Rejojaps the pandemonium lord
 76792 | Zig:5    | Entered Level 5 of a ziggurat
 76835 | Zig:5    | Identified the Volume of the Dusty Frostbite
 76880 | Zig:6    | Entered Level 6 of a ziggurat
 76915 | Zig:6    | Got a twitching jade amulet
 76916 | Zig:6    | Identified the amulet of Fyonyar {Reflect Slay+5 SH+5} (You
                  | found it on level 6 of a ziggurat)
 76929 | Zig:7    | Entered Level 7 of a ziggurat
 76972 | Zig:7    | Got a twitching bronze ring
 76973 | Zig:7    | Identified the ring of Lerehugh {Wiz Slay+4} (You found it
                  | on level 7 of a ziggurat)
 76977 | Zig:7    | Identified Jiceth's Volume of the Ensnaring Voyage
 76986 | Zig:8    | Entered Level 8 of a ziggurat
 77039 | Zig:8    | Learned a level 9 spell: Death's Door
 77041 | Zig:9    | Entered Level 9 of a ziggurat
 77094 | Zig:9    | Identified the Tome of the Volcanoes and Calling
 77105 | Zig:10   | Entered Level 10 of a ziggurat
 77180 | Zig:11   | Entered Level 11 of a ziggurat
 77385 | Zig:11   | Acquired 681 gold pieces
 77390 | Zig:11   | Identified Mumuqet's Disquisition on Shape Shifting and
                  | Intoxication
 77400 | Zig:11   | Identified the -1 pair of boots of Inevitability {Harm
                  | SInv} (You found it on level 11 of a ziggurat)
 77407 | Zig:12   | Entered Level 12 of a ziggurat
 77417 | Zig:12   | Noticed Vauwus the pandemonium lord
 77417 | Zig:12   | Noticed Boschool the pandemonium lord
 77422 | Zig:12   | Killed Boschool the pandemonium lord
 77430 | Zig:12   | Killed Vauwus the pandemonium lord
 77715 | Zig:13   | Entered Level 13 of a ziggurat
 77729 | Zig:13   | Noticed Ikuemm the pandemonium lord
 77730 | Zig:13   | Reached skill level 27 in Fighting
 77732 | Zig:13   | Killed Ikuemm the pandemonium lord
 77779 | Zig:13   | Identified the Handbook of Frigorific Stones
 77787 | Zig:13   | Identified the Tome of Dislocation
 77828 | Zig:13   | Got a steaming ivory ring
 77830 | Zig:13   | Identified the ring of Utopuyt {+Fly rPois Str+3 Dex-2}
                  | (You found it on level 13 of a ziggurat)
 77840 | Zig:14   | Entered Level 14 of a ziggurat
 77896 | Zig:14   | Identified the Reference Book on the Ashen Birds
 77914 | Zig:15   | Entered Level 15 of a ziggurat
 78047 | Zig:15   | Identified the Tome of Dusty Moulding
 78050 | Zig:15   | Identified the +3 quarterstaff "Zahej" {vorpal, *Drain +Fly
                  | rElec rN+} (You found it on level 15 of a ziggurat)
 78058 | Zig:15   | Identified Jowkosy's Tome of Sinister Rituals and the
                  | Mountains
 78070 | Zig:15   | Got a heavily runed tin ring
 78071 | Zig:15   | Identified the ring of Xom's Flight of Fancy {Int+6 Slay+2
                  | SInv} (You found it on level 15 of a ziggurat)
 78084 | Zig:16   | Entered Level 16 of a ziggurat
 78117 | Zig:16   | Found the +3 warlock's mirror {reflect}
 78172 | Zig:17   | Entered Level 17 of a ziggurat
 78194 | Zig:17   | Reached skill level 5 in Shields
 78203 | Zig:17   | Found the +8 mithril axe "Arga" {speed, Will+}
 78229 | Zig:17   | Got a sparkling bronze ring
 78230 | Zig:17   | Identified the ring "Atres" {rN+ AC+4 Stlth+} (You found it
                  | on level 17 of a ziggurat)
 78235 | Zig:17   | Got a smoking bone ring
 78236 | Zig:17   | Identified the ring of Acay {rF+ Str+3 Stlth+} (You found
                  | it on level 17 of a ziggurat)
 78291 | Zig:17   | Learned a level 9 spell: Tornado
 78292 | Zig:18   | Entered Level 18 of a ziggurat
 78317 | Zig:18   | Reached skill level 27 in Spellcasting
 78345 | Zig:18   | Found the +10 tower shield of Ignorance {rN+ Int-4}
 78427 | Zig:19   | Entered Level 19 of a ziggurat
 78455 | Zig:19   | Reached skill level 15 in Shields
 78460 | Zig:19   | Found the brooch of Shielding {Spirit SH+8}
 78504 | Zig:20   | Entered Level 20 of a ziggurat
 78526 | Zig:20   | Reached skill level 5 in Air Magic
 78584 | Zig:20   | Got a brightly glowing bronze amulet
 78585 | Zig:20   | Identified the amulet "Cauf" {Reflect *Corrode rF+ rC+++
                  | rN+ SH+5} (You found it on level 20 of a ziggurat)
 78592 | Zig:21   | Entered Level 21 of a ziggurat
 78610 | Zig:21   | Reached skill level 10 in Air Magic
 78881 | Zig:21   | Identified the Handbook of the Aerial Mountains
 78884 | Zig:21   | Got a slimy copper ring
 78885 | Zig:21   | Identified the ring "Zots" {rElec rF+} (You found it on
                  | level 21 of a ziggurat)
 78887 | Zig:21   | Identified Coexzikk's Incunabulum of Mutagenic Cold
 78892 | Zig:21   | Got a steaming copper ring
 78893 | Zig:21   | Identified the ring of Amelioration {Wiz +Fly Dex+5} (You
                  | found it on level 21 of a ziggurat)
 78916 | Zig:22   | Entered Level 22 of a ziggurat
 78932 | Zig:22   | Noticed an orb of fire
 78937 | Zig:22   | Noticed an orb of fire
 78937 | Zig:22   | Noticed an orb of fire
 78939 | Zig:22   | Noticed an orb of fire
 78940 | Zig:22   | Killed an orb of fire
 78941 | Zig:22   | Noticed an orb of fire
 78941 | Zig:22   | Noticed an orb of fire
 78943 | Zig:22   | Noticed an orb of fire
 78944 | Zig:22   | Killed an orb of fire
 78945 | Zig:22   | Noticed an orb of fire
 78946 | Zig:22   | Killed an orb of fire
 78948 | Zig:22   | Noticed an orb of fire
 78950 | Zig:22   | Killed an orb of fire
 78950 | Zig:22   | Killed an orb of fire
 78951 | Zig:22   | Killed an orb of fire
 78952 | Zig:22   | Gained mutation: Armour fits poorly on your strangely
                  | shaped body. [an orb of fire]
 78953 | Zig:22   | Killed an orb of fire
 78954 | Zig:22   | Reached skill level 15 in Air Magic
 78954 | Zig:22   | Killed an orb of fire
 78955 | Zig:22   | Killed an orb of fire
 79219 | Zig:22   | Found the +9 staff of Olgreb {rPois∞}
 79230 | Zig:22   | Got a pitted lead ring
 79231 | Zig:22   | Identified the ring "Zino" {rElec rPois rN++ Will+ Stlth-}
                  | (You found it on level 22 of a ziggurat)
 79242 | Zig:22   | Reached skill level 10 in Armour
 79250 | Zig:22   | Identified the Incunabulum of the Enchanting Frostbite
 79268 | Zig:23   | Entered Level 23 of a ziggurat
 79516 | Zig:23   | Identified the +2 morningstar of Classification {vorpal,
                  | +Rage rF++ rN+++ Will-} (You found it on level 23 of a
                  | ziggurat)
 79548 | Zig:24   | Entered Level 24 of a ziggurat
 79574 | Zig:24   | Reached skill level 15 in Armour
 79677 | Zig:24   | Got a clouded lead ring
 79678 | Zig:24   | Identified the ring of Esesov {rPois rF+ Will+ Str+2 Int+6}
                  | (You found it on level 24 of a ziggurat)
 79684 | Zig:24   | Got a wavering platinum ring
 79685 | Zig:24   | Identified the ring of Daesisea {+Fly rC+ Str+6 Int+4} (You
                  | found it on level 24 of a ziggurat)
 79699 | Zig:24   | Identified Sif Muna's Catalogue of Creative Flight
 79702 | Zig:24   | Got an ancient lead ring
 79703 | Zig:24   | Identified the ring "Qifuid" {rC+ Will+ Str+8 Int-2 Dex+6}
                  | (You found it on level 24 of a ziggurat)
 79706 | Zig:24   | Identified the +5 morningstar "Rolaoto" {freeze, rF++ Str+3
                  | Dex-5} (You found it on level 24 of a ziggurat)
 79711 | Zig:24   | Got a faintly glowing brass ring
 79712 | Zig:24   | Identified the ring "Aryo" {Ice *Drain Str+8 Int+3 Dex+2}
                  | (You found it on level 24 of a ziggurat)
 79720 | Zig:25   | Entered Level 25 of a ziggurat
 79736 | Zig:25   | Noticed a juggernaut
 79740 | Zig:25   | Noticed a juggernaut
 79741 | Zig:25   | Killed a juggernaut
 79742 | Zig:25   | Noticed a juggernaut
 79743 | Zig:25   | Noticed a juggernaut
 79743 | Zig:25   | Noticed a juggernaut
 79744 | Zig:25   | Killed a juggernaut
 79744 | Zig:25   | Killed a juggernaut
 79744 | Zig:25   | HP: 7/199 [titan/the air (31)]
 79755 | Zig:25   | Killed a juggernaut
 79765 | Zig:25   | Killed a juggernaut
 80087 | Zig:25   | Got a transparent bone ring
 80088 | Zig:25   | Identified the ring of Qeamail {rPois rF+} (You found it on
                  | level 25 of a ziggurat)
 80090 | Zig:25   | Identified the Incunabulum of Aerial Moulding
 80105 | Zig:26   | Entered Level 26 of a ziggurat
 80173 | Zig:26   | Found the +9 scales of the Dragon King {rPois rF+ rC+
                  | Will+}
 80224 | Zig:26   | Found the +6 arbalest "Damnation" {damnation}
 80291 | Zig:26   | Identified the Disquisition on Sinister Creation
 80293 | Zig:26   | Identified the Handbook of Curses and Unholy Rites
 80299 | Zig:27   | Entered Level 27 of a ziggurat
 80627 | Zig:27   | Got a fine platinum ring
 80628 | Zig:27   | Identified the cursed ring "Ijeit" {rF+ rC+ AC-4 Int+4}
                  | (You found it on level 27 of a ziggurat)
 80785 | Zot:1    | Entered Level 1 of the Realm of Zot
 80887 | Zot:1    | Identified the cursed ring of the Sun {*Slow Dex+6 Slay-4}
 82150 | Zot:2    | Noticed an orb of fire
 82158 | Zot:2    | Killed an orb of fire
 82784 | Zot:2    | Noticed Kysem's ghost (master BaIE)
 82803 | Zot:2    | Killed Kysem's ghost
 83290 | Zot:2    | Found an opulent altar of Gozag.
 83294 | Zot:2    | Found Fugof's Assorted Antiques.
 83330 | Zot:2    | Got a scintillating turquoise ring
 83331 | Zot:2    | Identified the ring of Day {Will+ Str+4 Int-3 Slay+4} (You
                  | found it on level 2 of the Realm of Zot)
 83935 | Zot:3    | Found the +0 mask of the Dragon {Will+ Slay+3 SInv}
 84314 | Zot:3    | Found a transporter.
 85289 | Zot:3    | Found a transporter.
 86229 | Zot:5    | Entered Level 5 of the Realm of Zot
 87020 | Zot:5    | Noticed an ancient lich
 87024 | Zot:5    | Killed an ancient lich
 87036 | Zot:5    | Noticed an orb of fire
 87037 | Zot:5    | Killed an orb of fire
 87175 | Zot:5    | Noticed an ancient lich
 87182 | Zot:5    | Killed an ancient lich
 87195 | Zot:5    | Noticed an ancient lich
 87197 | Zot:5    | Killed an ancient lich
 87335 | Zot:5    | Noticed an ancient lich
 87337 | Zot:5    | Killed an ancient lich
 87352 | Zot:5    | Noticed an orb of fire
 87360 | Zot:5    | Killed an orb of fire
 87363 | Zot:5    | Noticed an ancient lich
 87364 | Zot:5    | Killed an ancient lich
 87401 | Zot:5    | Noticed an orb of fire
 87402 | Zot:5    | Killed an orb of fire
 87597 | Zot:5    | Noticed an ancient lich
 87611 | Zot:5    | Reached skill level 27 in Fire Magic
 87615 | Zot:5    | Killed an ancient lich
 88082 | Zig:1    | Entered Level 1 of a ziggurat
 88103 | Zig:2    | Entered Level 2 of a ziggurat
 88126 | Zig:3    | Entered Level 3 of a ziggurat
 88156 | Zig:3    | Got a heavily runed marble ring
 88159 | Zig:3    | Identified the ring "Guatav" {rF+ Dex+8} (You found it on
                  | level 3 of a ziggurat)
 88166 | Zig:4    | Entered Level 4 of a ziggurat
 88167 | Zig:4    | Noticed a royal mummy
 88173 | Zig:4    | Reached skill level 27 in Conjurations
 88174 | Zig:4    | Killed a royal mummy
 88236 | Zig:5    | Entered Level 5 of a ziggurat
 88304 | Zig:6    | Entered Level 6 of a ziggurat
 88377 | Zig:7    | Entered Level 7 of a ziggurat
 88433 | Zig:8    | Entered Level 8 of a ziggurat
 88617 | Zig:9    | Entered Level 9 of a ziggurat
 88627 | Zig:9    | Found the ring of Robustness {AC+8}
 88679 | Zig:10   | Entered Level 10 of a ziggurat
 88687 | Zig:10   | Noticed Ynlisous the pandemonium lord
 88687 | Zig:10   | Noticed Wuigh the pandemonium lord
 88689 | Zig:10   | Killed Wuigh the pandemonium lord
 88691 | Zig:10   | Killed Ynlisous the pandemonium lord
 88825 | Zig:11   | Entered Level 11 of a ziggurat
 88832 | Zig:11   | Noticed an ancient lich
 88833 | Zig:11   | Noticed an ancient lich
 88838 | Zig:11   | Killed an ancient lich
 88838 | Zig:11   | Killed an ancient lich
 88900 | Zig:12   | Entered Level 12 of a ziggurat
 88919 | Zig:12   | Noticed Piucyopu the pandemonium lord
 88922 | Zig:12   | Killed Piucyopu the pandemonium lord
 88991 | Zig:12   | Found the +3 sling "Punk" {acid, rCorr}
 89001 | Zig:12   | Identified Massuaha's Guide on Creative Dislocation
 89024 | Zig:12   | Identified the +2 morningstar of Ninucli {flame, Str+3}
                  | (You found it on level 12 of a ziggurat)
 89029 | Zig:12   | Got a slimy graven amulet
 89030 | Zig:12   | Identified the amulet "Lufrel" {Spirit rF+} (You found it
                  | on level 12 of a ziggurat)
 89035 | Zig:13   | Entered Level 13 of a ziggurat
 89052 | Zig:13   | Noticed Kolyoriu the pandemonium lord
 89054 | Zig:13   | Reached skill level 15 in Evocations
 89056 | Zig:13   | Killed Kolyoriu the pandemonium lord
 89161 | Zig:14   | Entered Level 14 of a ziggurat
 89350 | Zig:15   | Entered Level 15 of a ziggurat
 89367 | Zig:15   | Noticed an ancient lich
 89368 | Zig:15   | Found the +8 arc blade {discharge, rElec}
 89369 | Zig:15   | Noticed an ancient lich
 89371 | Zig:15   | Killed an ancient lich
 89373 | Zig:15   | Killed an ancient lich
 89410 | Zig:15   | Identified the Volume of Dusty Snow
 89460 | Zig:16   | Entered Level 16 of a ziggurat
 89470 | Zig:16   | Noticed Aluca the pandemonium lord
 89473 | Zig:16   | Killed Aluca the pandemonium lord
 89473 | Zig:16   | Noticed Ceak the pandemonium lord
 89475 | Zig:16   | Noticed Dykloaz the pandemonium lord
 89476 | Zig:16   | Killed Ceak the pandemonium lord
 89476 | Zig:16   | Noticed Deekk the pandemonium lord
 89478 | Zig:16   | Noticed Nufuah the pandemonium lord
 89479 | Zig:16   | Noticed Ulauhexi the pandemonium lord
 89479 | Zig:16   | Noticed Naxubiot the pandemonium lord
 89481 | Zig:16   | Noticed Nexuh the pandemonium lord
 89481 | Zig:16   | Noticed Yxijutat the pandemonium lord
 89481 | Zig:16   | Noticed Wuch the pandemonium lord
 89482 | Zig:16   | Killed Deekk the pandemonium lord
 89486 | Zig:16   | Killed Dykloaz the pandemonium lord
 89486 | Zig:16   | Noticed Debror the pandemonium lord
 89489 | Zig:16   | Killed Nufuah the pandemonium lord
 89490 | Zig:16   | Killed Ulauhexi the pandemonium lord
 89491 | Zig:16   | Killed Nexuh the pandemonium lord
 89496 | Zig:16   | Cast into level 5 of the Abyss (Wuch)
 89496 | Abyss:5  | Entered Level 5 of the Abyss
 89551 | Zig:16   | Escaped the Abyss
 89552 | Zig:16   | Killed Naxubiot the pandemonium lord
 89553 | Zig:16   | Killed Wuch the pandemonium lord
 89556 | Zig:16   | Killed Yxijutat the pandemonium lord
 89558 | Zig:16   | Killed Debror the pandemonium lord
 89705 | Zig:16   | Identified Rueliesch's Handbook of Icy Confrontation
 89715 | Zig:17   | Entered Level 17 of a ziggurat
 89981 | Zig:17   | Identified the cursed +0 pair of gloves of Zaxeih {MP+9
                  | SInv} (You found it on level 17 of a ziggurat)
 89991 | Zig:17   | Identified the Catalogue of the Creative Glacier
 90002 | Zig:18   | Entered Level 18 of a ziggurat
 90030 | Zig:18   | Found the +7 Singing Sword {vorpal, sonic wave}
 90079 | Zig:18   | Got a wavering lapis lazuli ring
 90080 | Zig:18   | Identified the cursed ring of Truth {+Fly rF+++ rC- MP+9
                  | Dex-4} (You found it on level 18 of a ziggurat)
 90112 | Zig:18   | Got a crude gossamer ring
 90113 | Zig:18   | Identified the ring of Bemy {rPois rC+ Will+ Str+3} (You
                  | found it on level 18 of a ziggurat)
 90118 | Zig:18   | Identified the Grimoire of Poison and Necromancy
 90121 | Zig:18   | Got a glittering bone amulet
 90122 | Zig:18   | Identified the amulet of Vanehuall {Spirit *Contam Str+9
                  | Dex-4 SInv} (You found it on level 18 of a ziggurat)
 90131 | Zig:19   | Entered Level 19 of a ziggurat
 90280 | Zig:19   | Identified the Collected Works on Evil Feathers
 90398 | Zig:20   | Entered Level 20 of a ziggurat
 90449 | Zig:20   | Found the +1 cloak of Starlight {*Dazzle EV+4 Stlth--}
 90632 | Zig:20   | Got a heavily runed brass ring
 90633 | Zig:20   | Identified the ring of Kytei {Fire *Slow Int+5 Dex+2 SInv}
                  | (You found it on level 20 of a ziggurat)
 90668 | Zig:20   | Got a wavering amber ring
 90669 | Zig:20   | Identified the ring of Neurosis {+Blink rF+} (You found it
                  | on level 20 of a ziggurat)
 90677 | Zig:21   | Entered Level 21 of a ziggurat
 90697 | Zig:21   | Reached skill level 27 in Evocations
 90698 | Zig:21   | Reached skill level 5 in Stealth
 90704 | Zig:21   | Reached skill level 10 in Stealth
 90764 | Zig:21   | Identified the +0 pair of gloves of Bad Feelings {rN+
                  | Dex+4} (You found it on level 21 of a ziggurat)
 90786 | Zig:21   | Identified the Handbook of Supportive Flames
 90789 | Zig:21   | Got a vibrating glass ring
 90790 | Zig:21   | Identified the ring "Xeireyt" {*Tele rN+ Int+4} (You found
                  | it on level 21 of a ziggurat)
 90819 | Zig:22   | Entered Level 22 of a ziggurat
 90833 | Zig:22   | Noticed an ancient lich
 90837 | Zig:22   | Killed an ancient lich
 90843 | Zig:22   | Reached skill level 15 in Stealth
 90857 | Zig:22   | Killed from afar by a monstrous blood saint

Illustrated notes

Levels and vault maps discovered:
D:1:      erik_arrival_cave_to_civilisation [erik_arrival_cave_to_hall],
          layout_basic
D:2:      layout_loops_corners, chequers_ecumenical_altar_island
D:3:      layout_basic, tso_metal_star, minmay_misc_feat_chi, uniq_ijyb
D:4:      layout_loops_ring, tgw_fedhas, minmay_misc_feat_plants, uniq_menkaure,
          uniq_pikel, uniq_grinder
D:5:      layout_loops_cross, doesnt_xom_only_xom, trog_book, uniq_edmund
D:6:      layout_cave_pools, serial_shops, shop_fountains,
          minmay_fire_ice_demons
D:7:      wad_pebble_path, layout_basic, minmay_temple_entry_fiery
D:8:      layout_loops_ring, serial_shops, shop_statue,
          cheibrodos_ashenzari_chains, uniq_grum
D:9:      layout_cave_pools, okawaru_altar_gauntlet_db, lair_entry_dummy,
          uniq_psyche
D:10:     layout_rooms, minivault_26, roderic_nine_men_s_morris
D:11:     minmay_wavy_crystal, layout_basic, bh_hangedman_babel_library
D:12:     nzn_winding_woodlands_cross [nzn_winding_woodlands_5x15_pockets,
          nzn_winding_woodlands_5x15_sidewinder,
          nzn_winding_woodlands_5x15_crooked, nzn_winding_woodlands_5x15_jagged,
          nzn_winding_woodlands_15x15_eel_pit], layout_basic,
          minmay_orc_entry_temple_small, uniq_josephine
D:13:     layout_cave_pods, basic_altar, uniq_urug
D:14:     layout_roguey [special_room_bee], david_vaults_1, tgw_sif,
          uniq_jorgrun
D:15:     grunt_enter_depths_magical_seal, layout_basic, lemuel_doored_altar,
          minmay_misc_feat_roman, yredelemnul_altar_generic, uniq_louise
Temple:   compressed_dpeg_circular_temple
Lair:1:   layout_loops_ring, basic_altar, grunt_megastairs_4
Lair:2:   lemuel_slime, layout_chaotic_city, palyth_hydra_swamp_entry,
          dummy_snake_entry, basic_altar
Lair:3:   layout_misc_corridors, beast_lair_carwin_10
Lair:4:   layout_regular_city, zaba_anthell
Lair:5:   layout_regular_city, slime_altar_1, gauntlet_entry_generic,
          basic_altar
Lair:6:   grunt_lair_end_beastmaster, layout_cave_shapes, minivault_26,
          lemuel_fruit_tree
Swamp:1:  layout_basic_swamp, serial_swamp_ruin, evilmike_swamp_ruin_wall,
          evilmike_swamp_ruin_rubble_1, evilmike_swamp_ruin_house_5,
          swamp_pool1, nicolae_swamp_little_tower
Swamp:2:  gammafunk_sealed_arena, layout_basic_swamp,
          nicolae_swamp_fairy_circle, infiniplex_staircase_pool_2
Swamp:3:  layout_basic_swamp, portal_ice_cave_entry_ice_statue_two,
          evilmike_swamp_ruin_house_1, st_swamp_ruins_2
Swamp:4:  grunt_swamp_rune_castle, layout_basic_swamp, swamp_pool2
Snake:1:  layout_layer_cave, nicolae_snake_lava_pool
Snake:2:  onia_ninara_swampy_vault, layout_gridlike, basic_altar, serial_shops,
          shop_statue, shop_fountains, nicolae_shop_behind_doors,
          nicolae_shop_statue_plus, st_stairs_9, grunt_ministairs_13,
          hangedman_snake_sidewinding
Snake:3:  layout_onion, basic_altar, minmay_shop_grove
Snake:4:  snake_pit, layout_cave_town, minmay_shoptagon
Slime:1:  layout_caves
Slime:2:  layout_caves, nicolae_slime_barrier
Slime:3:  layout_caves
Slime:4:  layout_caves
Slime:5
Orc:1:    layout_caves, mines1_david, uniq_snorg
Orc:2:    st_orc_elflike, layout_diamond_mine, serial_shops, shop, uniq_sonja
Elf:1:    eino_elf_arrival_sip, layout_rooms, minivault_28, minmay_fountain_box,
          st_stairs_13, hangedman_elven_crosses_minicolossus, uniq_nikola
Elf:2:    layout_geoelf_diagonals, special_room [special_room_orc]
Elf:3:    minmay_elf_hall_four_x, layout_loops_cross, corexii_checkpoint_a,
          uniq_bai_suzhen
Vaults:1: nicolae_vaults_angled_halls, ontoclasm_vaults_ring_large,
          hangedman_vaults_stagger, nicolae_vaults_network_square, v_pattern_3,
          nicolae_vaults_little_squares_3, ontoclasm_vaults_pinch,
          vaults_not_door_vault_mu, vaults_room_pool,
          nicolae_vaults_know_your_exits, v_misc_26, vaults_dpeg_hooks,
          layout_vaults_ring
Vaults:2: dpeg_vaults_waves, hangedman_vaults_capsules, v_misc_15,
          nicolae_vaults_little_squares_4, nicolae_vaults_little_squares_6,
          vaults_mumra_hex, nicolae_vaults_network_s, nicolae_vaults_little_ls,
          vaults_room_stairs_pillars, ontoclasm_vaults_fault,
          hangedman_vaults_trim, ontoclasm_vaults_gateway,
          layout_vaults_big_room, serial_shops, shop
Vaults:3: ebering_vaults_ghost_reflecting_pool, minmay_crypt_entry_necro_gods,
          vaults_standard_mumra_x, ontoclasm_vaults_shout,
          ontoclasm_vaults_ring_large, ontoclasm_vaults_chip,
          nicolae_vaults_little_squares_1, hangedman_vaults_cutoff,
          nicolae_vaults_little_squares_4, hangedman_vaults_pinch,
          layout_vaults_big_cross, serial_shops, nicolae_shop_waterfront, shop,
          shop, shop, portal_desolation_entry_nicolae_nacl
Vaults:4: v_misc_19, vaults_room_hallway, nicolae_vaults_back_hallway,
          v_misc_19, v_misc_10, hangedman_vaults_slither, vaults_room_corners,
          hangedman_vaults_hard_town_square, v_alt_pattern_1, v_misc_16,
          v_misc_28, nicolae_vaults_three_branches, vaults_mumra_hexcomb,
          layout_vaults_maze, serial_shops, shop, uniq_jory
Vaults:5: serial_shops
Crypt:1:  layout_gridlike
Crypt:2:  hangedman_hall_of_fallen_heroes, layout_misc_corridors,
          ebering_ghost_inner_flame, nicolae_crypt_soggy_tomb,
          minmay_misc_feat_pillars, skrybe_necro_troll_2, uniq_boris,
          uniq_margery
Crypt:3:  quadcrypt_mu
Depths:1: layout_roguey, hell_entry, abyss_entry, rand_demon_pan_entry_3,
          hangedman_decor_push, corexii_corridor_pit, kennysheep_path_1,
          drop_trap, evilmike_butchery
Depths:2: evilmike_halls_of_destruction, layout_twisted_cross, serial_shops,
          nicolae_shop_overgrown_old_shop, kennysheep_mini_moat, shop,
          nicolae_lava_and_water, grunt_hell_entry_dis_old, uniq_mara,
          uniq_asterion
Depths:3: kennysheep_ogre_elephant_herders, layout_long_grid,
          kennysheep_decorative_pillar, hell_entry, minmay_room_of_horrors,
          serial_shops, shop, rand_demon_pan_entry_8,
          chequers_serial_rivers_small_b, nicolae_two_hexagons
Depths:4: kennysheep_blocky_room, layout_honeycomb, enter_ziggurat_a,
          chequers_decorated_corner, abyss_entry, rand_demon_pan_entry_5,
          pf_hell_entry_tar_spiral, chequers_serial_rivers_micro_d
Depths:5: hangedman_spin_cycle, hell_entry
Zot:1:    layout_cathedral_of_symmetry
Zot:2:    layout_concentric_octagons, ebering_ghost_gozag
Zot:3:    layout_gridlike, chequers_guarded_unrand_mask_of_the_dragon
Zot:4:    layout_gridlike
Zot:5:    layout_misc_corridors, drop_trap, st_stairs_5
Zig:22:   ziggurat_pillar_d, ziggurat_pillar_d, ziggurat_pillar_d,
          ziggurat_pillar_d, ziggurat_pillar_centre_c, ziggurat_pillar_centre_c,
          ziggurat_pillar_centre_c, ziggurat_pillar_centre_c

Skill      XL: |  1  2  3  4  5  6  7  8  9 10 11 12 13 14 15 16 17 18 19 20 21 22 23 24 25 26 27 |
---------------+----------------------------------------------------------------------------------+-----
Earth Magic    | 4 5 6 7 8 9 10 11 12 13 14 15 16 17 18 19 20 21 22 | 22.0
Conjurations   | 1 2 3 4 5 6 7 8 9 10 11 12 13 14 15 16 17 18 27 | 27.0
Spellcasting   | 3 4 5 6 7 8 9 10 11 12 13 14 15 27 | 27.0
Armour         | 2 4 5 6 23 | 23.7
Fighting       | 2 4 5 7 8 9 10 11 12 13 14 15 16 17 18 19 27 | 27.0
Evocations     | 2 3 4 5 6 7 8 9 10 27 | 27.0
Maces & Flails | 2 3 5 6 7 8 9 10 11 12 13 14 15 21 | 21.0
Dodging        | 2 3 4 5 6 7 8 9 10 11 12 13 15 | 15.7
Fire Magic     | 3 6 8 9 12 15 16 17 18 19 20 27 | 27.0
Ice Magic      | 22 | 22.0
Necromancy     | 22 | 22.0
Transmutations | 10 | 10.0
Shields        | 16 | 16.0
Air Magic      | 20 | 20.4
Stealth        | 16 | 16.7

Action                   |  1- 3 |  4- 6 |  7- 9 | 10-12 | 13-15 | 16-18 | 19-21 | 22-24 | 25-27 || total
-------------------------+-------+-------+-------+-------+-------+-------+-------+-------+-------++-------
Melee: Unarmed           |     6 |       |       |       |       |       |       |       |       ||     6
       Whip              |    24 |       |   164 |       |       |       |       |       |       ||   188
       Short sword       |   100 |    49 |    33 |       |       |       |       |       |       ||   182
       Falchion          |       |       |   101 |   392 |   309 |       |       |       |       ||   802
       Demon whip        |       |       |       |       |   547 |   661 |   447 |   498 |  2088 ||  4241
       Lajatang          |       |       |       |       |       |       |       |       |    29 ||    29
Throw: Stone             |       |       |       |       |     1 |       |       |       |       ||     1
       Throwing net      |       |       |       |       |       |       |       |     1 |       ||     1
 Cast: Sandblast         |    24 |    21 |    45 |    29 |    54 |     7 |     1 |       |       ||   181
       Stone Arrow       |       |     1 |     2 |    22 |    39 |       |       |       |       ||    64
       Lee's Rapid Decon |       |       |     6 |    70 |    80 |    69 |    55 |     2 |    36 ||   318
       Mephitic Cloud    |       |       |       |     1 |     1 |       |       |       |       ||     2
       Fireball          |       |       |       |       |    26 |    34 |     7 |     2 |     1 ||    70
       Starburst         |       |       |       |       |    46 |    44 |     5 |       |       ||    95
       Iron Shot         |       |       |       |       |       |   190 |   131 |    63 |   184 ||   568
       Bolt of Magma     |       |       |       |       |       |     8 |       |       |       ||     8
       Irradiate         |       |       |       |       |       |     4 |       |       |       ||     4
       Ignition          |       |       |       |       |       |    13 |    65 |    36 |   190 ||   304
       Shatter           |       |       |       |       |       |       |       |    73 |   652 ||   725
       Absolute Zero     |       |       |       |       |       |       |       |       |   222 ||   222
       Fire Storm        |       |       |       |       |       |       |       |       |   179 ||   179
       Necromutation     |       |       |       |       |       |       |       |       |    11 ||    11
       Tornado           |       |       |       |       |       |       |       |       |     6 ||     6
       Lehudib's Crystal |       |       |       |       |       |       |       |       |     6 ||     6
       Death's Door      |       |       |       |       |       |       |       |       |     5 ||     5
 Abil: Fly               |       |       |       |       |     1 |       |       |       |       ||     1
       Evoke Invisibilit |       |       |       |       |       |       |       |     1 |       ||     1
       End Transformatio |       |       |       |       |       |       |       |       |     5 ||     5
Evoke: Wand              |       |       |       |    10 |     7 |     2 |     4 |       |     3 ||    26
       Lightning rod     |       |       |       |     3 |     1 |       |       |       |       ||     4
       Box of beasts     |       |       |       |       |     2 |     1 |     1 |       |       ||     4
       Phial of floods   |       |       |       |       |     1 |       |       |       |       ||     1
       Condenser vane    |       |       |       |       |       |       |       |       |     3 ||     3
       Tin of tremorston |       |       |       |       |       |       |       |       |     1 ||     1
       Figurine of a zig |       |       |       |       |       |       |       |       |     2 ||     2
  Use: Scroll            |       |    10 |     6 |     9 |    22 |    17 |    12 |    10 |   103 ||   189
       Potion            |       |     2 |     1 |     2 |     6 |     6 |     7 |     2 |    69 ||    95
 Stab: Sleeping          |     1 |       |     1 |     3 |     2 |     1 |     7 |     5 |     9 ||    29
       Petrified         |       |       |       |       |     5 |       |       |       |       ||     5
       Distracted        |       |       |       |       |       |       |     2 |       |     8 ||    10
       Invisible         |       |       |       |       |       |       |       |       |     4 ||     4
Armor: Robe              |    50 |    30 |   178 |   343 |   581 |   384 |   185 |   251 |  1379 ||  3381
Dodge: Dodged            |    94 |    51 |   240 |   376 |   883 |   529 |   319 |   319 |  1778 ||  4589
Block: Buckler           |       |       |       |       |       |       |       |       |   353 ||   353
       Reflection        |       |       |       |       |       |       |       |       |    74 ||    74
       Rpst.: Falchion   |       |       |    21 |   108 |   120 |       |       |       |       ||   249

Table legend: (Time is in decaauts)
 A = Elapsed time spent in this place.
 B = Non-inter-level travel time spent in this place.
 C = Inter-level travel time spent in this place.
 D = Time resting spent in this place.
 E = Time spent auto-exploring this place.
 F = Levels seen in this place.
 G = Mean time per level.
                   A        B        C        D        E       F      G
               +--------+--------+--------+--------+--------+-----+--------+
         Total |  88568 |  82562 |   6006 |  19473 |  41184 | 142 |  623.7 |
       Dungeon |  18795 |  16533 |   2262 |   2204 |  10772 |  15 | 1253.0 |
        Temple |     30 |     18 |     12 |      0 |      1 |   1 |   30.0 |
          Lair |   7665 |   7003 |    662 |    880 |   4693 |   6 | 1277.5 |
         Swamp |   4573 |   4267 |    306 |    975 |   2340 |   4 | 1143.2 |
     Snake Pit |   6070 |   5673 |    397 |   1000 |   3535 |   4 | 1517.5 |
    Slime Pits |   1233 |   1186 |     47 |    737 |      0 |   5 |  246.6 |
  Orcish Mines |   2068 |   1944 |    124 |    553 |   1075 |   2 | 1034.0 |
   Elven Halls |   4214 |   4048 |    166 |   1137 |   1873 |   3 | 1404.7 |
        Vaults |   8909 |   8336 |    573 |   1207 |   5243 |   5 | 1781.8 |
         Crypt |   4741 |   4515 |    226 |    662 |   2245 |   3 | 1580.3 |
        Depths |   8984 |   8120 |    864 |   2462 |   4089 |   5 | 1796.8 |
           Zot |   6691 |   6328 |    363 |   1727 |   3630 |   5 | 1338.2 |
         Abyss |   1661 |   1661 |      0 |    276 |    638 |   5 |  332.2 |
      Ziggurat |   9786 |   9786 |      0 |   4640 |     21 |  76 |  128.8 |
      Ice Cave |   1546 |   1546 |      0 |    866 |    308 |   1 | 1546.0 |
    Desolation |    857 |    857 |      0 |     46 |    406 |   1 |  857.0 |
      Gauntlet |    736 |    736 |      0 |     99 |    315 |   1 |  736.0 |
               +--------+--------+--------+--------+--------+-----+--------+

Top non-repeatable levels by time:
Depths:4: 3050 daAuts
 Snake:2: 2374 daAuts
    D:12: 2182 daAuts
Vaults:4: 2020 daAuts
 Crypt:3: 1987 daAuts
Vaults:1: 1981 daAuts
Depths:2: 1974 daAuts
   Elf:3: 1810 daAuts
    D:15: 1806 daAuts
   Zot:2: 1772 daAuts
Vaults:5: 1754 daAuts
Vaults:3: 1753 daAuts
    D:11: 1749 daAuts
  Lair:2: 1722 daAuts
 Crypt:2: 1688 daAuts
